%YAML 1.1
%TAG !u! tag:unity3d.com,2011:
--- !u!1 &1034160744
GameObject:
  m_ObjectHideFlags: 0
  m_CorrespondingSourceObject: {fileID: 0}
  m_PrefabInstance: {fileID: 0}
  m_PrefabAsset: {fileID: 0}
  serializedVersion: 6
  m_Component:
  - component: {fileID: 1034160746}
  - component: {fileID: 1034160745}
  m_Layer: 0
  m_Name: Directional Light
  m_TagString: Untagged
  m_Icon: {fileID: 0}
  m_NavMeshLayer: 0
  m_StaticEditorFlags: 0
  m_IsActive: 1
--- !u!4 &1034160746
Transform:
  m_ObjectHideFlags: 0
  m_CorrespondingSourceObject: {fileID: 0}
  m_PrefabInstance: {fileID: 0}
  m_PrefabAsset: {fileID: 0}
  m_GameObject: {fileID: 1034160744}
  m_LocalRotation: {x: -0.10938163, y: -0.8754261, z: 0.40821788, w: -0.23456968}
  m_LocalPosition: {x: 0, y: 3, z: 0}
  m_LocalScale: {x: 1, y: 1, z: 1}
  m_Children: []
  m_Father: {fileID: 4046303565982386}
  m_RootOrder: 1
  m_LocalEulerAnglesHint: {x: 50, y: -30, z: 0}
--- !u!108 &1034160745
Light:
  m_ObjectHideFlags: 0
  m_CorrespondingSourceObject: {fileID: 0}
  m_PrefabInstance: {fileID: 0}
  m_PrefabAsset: {fileID: 0}
  m_GameObject: {fileID: 1034160744}
  m_Enabled: 1
  serializedVersion: 9
  m_Type: 1
  m_Color: {r: 1, g: 0.95686275, b: 0.8392157, a: 1}
  m_Intensity: 1
  m_Range: 10
  m_SpotAngle: 30
  m_InnerSpotAngle: 21.80208
  m_CookieSize: 10
  m_Shadows:
    m_Type: 2
    m_Resolution: -1
    m_CustomResolution: -1
    m_Strength: 1
    m_Bias: 0.05
    m_NormalBias: 0.4
    m_NearPlane: 0.2
    m_CullingMatrixOverride:
      e00: 1
      e01: 0
      e02: 0
      e03: 0
      e10: 0
      e11: 1
      e12: 0
      e13: 0
      e20: 0
      e21: 0
      e22: 1
      e23: 0
      e30: 0
      e31: 0
      e32: 0
      e33: 1
    m_UseCullingMatrixOverride: 0
  m_Cookie: {fileID: 0}
  m_DrawHalo: 0
  m_Flare: {fileID: 0}
  m_RenderMode: 0
  m_CullingMask:
    serializedVersion: 2
    m_Bits: 4294967295
  m_RenderingLayerMask: 1
  m_Lightmapping: 4
  m_LightShadowCasterMode: 0
  m_AreaSize: {x: 1, y: 1}
  m_BounceIntensity: 1
  m_ColorTemperature: 6570
  m_UseColorTemperature: 0
  m_BoundingSphereOverride: {x: 0, y: 0, z: 0, w: 0}
  m_UseBoundingSphereOverride: 0
  m_ShadowRadius: 0
  m_ShadowAngle: 0
--- !u!1 &1459180260898068
GameObject:
  m_ObjectHideFlags: 0
  m_CorrespondingSourceObject: {fileID: 0}
  m_PrefabInstance: {fileID: 0}
  m_PrefabAsset: {fileID: 0}
  serializedVersion: 6
  m_Component:
  - component: {fileID: 4823328368478954}
  m_Layer: 0
  m_Name: beethoven7_ensemble
  m_TagString: Untagged
  m_Icon: {fileID: 0}
  m_NavMeshLayer: 0
  m_StaticEditorFlags: 0
  m_IsActive: 1
--- !u!4 &4823328368478954
Transform:
  m_ObjectHideFlags: 0
  m_CorrespondingSourceObject: {fileID: 0}
  m_PrefabInstance: {fileID: 0}
  m_PrefabAsset: {fileID: 0}
  m_GameObject: {fileID: 1459180260898068}
  m_LocalRotation: {x: 0, y: 0, z: 0, w: 1}
  m_LocalPosition: {x: 0, y: 0, z: 0}
  m_LocalScale: {x: 1, y: 1, z: 1}
  m_Children:
  - {fileID: 4822571370776048}
  m_Father: {fileID: 0}
  m_RootOrder: 0
  m_LocalEulerAnglesHint: {x: 0, y: 0, z: 0}
--- !u!1 &1533708896072718
GameObject:
  m_ObjectHideFlags: 0
  m_CorrespondingSourceObject: {fileID: 0}
  m_PrefabInstance: {fileID: 0}
  m_PrefabAsset: {fileID: 0}
  serializedVersion: 6
  m_Component:
  - component: {fileID: 4699181943798912}
  m_Layer: 0
  m_Name: debug_rulers
  m_TagString: Untagged
  m_Icon: {fileID: 0}
  m_NavMeshLayer: 0
  m_StaticEditorFlags: 0
  m_IsActive: 1
--- !u!4 &4699181943798912
Transform:
  m_ObjectHideFlags: 0
  m_CorrespondingSourceObject: {fileID: 0}
  m_PrefabInstance: {fileID: 0}
  m_PrefabAsset: {fileID: 0}
  m_GameObject: {fileID: 1533708896072718}
  m_LocalRotation: {x: -0, y: -1, z: -0, w: 0}
  m_LocalPosition: {x: 0, y: 0, z: 0}
  m_LocalScale: {x: 1, y: 0.1, z: 1}
  m_Children:
  - {fileID: 4522276975737576}
  - {fileID: 4390791423921412}
  - {fileID: 4552842782047310}
  - {fileID: 4680673938580596}
  m_Father: {fileID: 4046303565982386}
  m_RootOrder: 0
  m_LocalEulerAnglesHint: {x: 0, y: 0, z: 0}
--- !u!1 &1570763206848284
GameObject:
  m_ObjectHideFlags: 0
  m_CorrespondingSourceObject: {fileID: 0}
  m_PrefabInstance: {fileID: 0}
  m_PrefabAsset: {fileID: 0}
  serializedVersion: 6
  m_Component:
  - component: {fileID: 4822571370776048}
  m_Layer: 0
  m_Name: ensemble
  m_TagString: Untagged
  m_Icon: {fileID: 0}
  m_NavMeshLayer: 0
  m_StaticEditorFlags: 0
  m_IsActive: 1
--- !u!4 &4822571370776048
Transform:
  m_ObjectHideFlags: 0
  m_CorrespondingSourceObject: {fileID: 0}
  m_PrefabInstance: {fileID: 0}
  m_PrefabAsset: {fileID: 0}
  m_GameObject: {fileID: 1570763206848284}
  m_LocalRotation: {x: -0, y: -0, z: -0, w: 1}
  m_LocalPosition: {x: 0, y: 0, z: 0}
  m_LocalScale: {x: 1, y: 1, z: 1}
  m_Children:
  - {fileID: 4046303565982386}
  - {fileID: 6960339030987625673}
  - {fileID: 2119619841222089830}
  - {fileID: 8129271947512714018}
  - {fileID: 3378463894532238688}
  - {fileID: 4928273147969258821}
  - {fileID: 5108874850937856054}
  - {fileID: 8200003076689514077}
  - {fileID: 5728240281523232304}
  - {fileID: 8306251464541033783}
  - {fileID: 7009062097909743593}
  - {fileID: 71713083597427448}
  - {fileID: 6138911090486444274}
  - {fileID: 735172275126047792}
  - {fileID: 3170756229971375113}
  - {fileID: 331460803190629369}
  - {fileID: 8784788155276918870}
  - {fileID: 3639027902309737420}
  m_Father: {fileID: 4823328368478954}
  m_RootOrder: 0
  m_LocalEulerAnglesHint: {x: 0, y: 0, z: 0}
--- !u!1 &1637767455572428
GameObject:
  m_ObjectHideFlags: 0
  m_CorrespondingSourceObject: {fileID: 0}
  m_PrefabInstance: {fileID: 0}
  m_PrefabAsset: {fileID: 0}
  serializedVersion: 6
  m_Component:
  - component: {fileID: 4552842782047310}
  - component: {fileID: 23391393125863130}
  - component: {fileID: 114201881082375848}
  - component: {fileID: 33949222262592088}
  m_Layer: 0
  m_Name: Xruler(-X)
  m_TagString: Untagged
  m_Icon: {fileID: 0}
  m_NavMeshLayer: 0
  m_StaticEditorFlags: 0
  m_IsActive: 1
--- !u!4 &4552842782047310
Transform:
  m_ObjectHideFlags: 0
  m_CorrespondingSourceObject: {fileID: 0}
  m_PrefabInstance: {fileID: 0}
  m_PrefabAsset: {fileID: 0}
  m_GameObject: {fileID: 1637767455572428}
  m_LocalRotation: {x: -0, y: -0, z: -0, w: 1}
  m_LocalPosition: {x: 0, y: -0.98999995, z: -0.125}
  m_LocalScale: {x: 5, y: 1, z: 0.25}
  m_Children: []
  m_Father: {fileID: 4699181943798912}
  m_RootOrder: 2
  m_LocalEulerAnglesHint: {x: 0, y: 0, z: 0}
--- !u!23 &23391393125863130
MeshRenderer:
  m_ObjectHideFlags: 0
  m_CorrespondingSourceObject: {fileID: 0}
  m_PrefabInstance: {fileID: 0}
  m_PrefabAsset: {fileID: 0}
  m_GameObject: {fileID: 1637767455572428}
  m_Enabled: 1
  m_CastShadows: 1
  m_ReceiveShadows: 1
  m_DynamicOccludee: 1
  m_MotionVectors: 1
  m_LightProbeUsage: 1
  m_ReflectionProbeUsage: 1
  m_RenderingLayerMask: 4294967295
  m_RendererPriority: 0
  m_Materials:
  - {fileID: 2100000, guid: 91c49f004a1dc2d44843008630910f98, type: 2}
  m_StaticBatchInfo:
    firstSubMesh: 0
    subMeshCount: 0
  m_StaticBatchRoot: {fileID: 0}
  m_ProbeAnchor: {fileID: 0}
  m_LightProbeVolumeOverride: {fileID: 0}
  m_ScaleInLightmap: 1
  m_ReceiveGI: 1
  m_PreserveUVs: 0
  m_IgnoreNormalsForChartDetection: 0
  m_ImportantGI: 0
  m_StitchLightmapSeams: 0
  m_SelectedEditorRenderState: 3
  m_MinimumChartSize: 4
  m_AutoUVMaxDistance: 0.5
  m_AutoUVMaxAngle: 89
  m_LightmapParameters: {fileID: 0}
  m_SortingLayerID: 0
  m_SortingLayer: 0
  m_SortingOrder: 0
--- !u!114 &114201881082375848
MonoBehaviour:
  m_ObjectHideFlags: 0
  m_CorrespondingSourceObject: {fileID: 0}
  m_PrefabInstance: {fileID: 0}
  m_PrefabAsset: {fileID: 0}
  m_GameObject: {fileID: 1637767455572428}
  m_Enabled: 1
  m_EditorHideFlags: 0
  m_Script: {fileID: 11500000, guid: 30c47bf369fc38445aed1fe62d6602b9, type: 3}
  m_Name: 
  m_EditorClassIdentifier: 
--- !u!33 &33949222262592088
MeshFilter:
  m_ObjectHideFlags: 0
  m_CorrespondingSourceObject: {fileID: 0}
  m_PrefabInstance: {fileID: 0}
  m_PrefabAsset: {fileID: 0}
  m_GameObject: {fileID: 1637767455572428}
  m_Mesh: {fileID: 0}
--- !u!1 &1739625413747730
GameObject:
  m_ObjectHideFlags: 0
  m_CorrespondingSourceObject: {fileID: 0}
  m_PrefabInstance: {fileID: 0}
  m_PrefabAsset: {fileID: 0}
  serializedVersion: 6
  m_Component:
  - component: {fileID: 4390791423921412}
  - component: {fileID: 23452418926332198}
  - component: {fileID: 114888943065973008}
  - component: {fileID: 33806814564238102}
  m_Layer: 0
  m_Name: Zruler
  m_TagString: Untagged
  m_Icon: {fileID: 0}
  m_NavMeshLayer: 0
  m_StaticEditorFlags: 0
  m_IsActive: 1
--- !u!4 &4390791423921412
Transform:
  m_ObjectHideFlags: 0
  m_CorrespondingSourceObject: {fileID: 0}
  m_PrefabInstance: {fileID: 0}
  m_PrefabAsset: {fileID: 0}
  m_GameObject: {fileID: 1739625413747730}
  m_LocalRotation: {x: -0, y: 0.7071068, z: -0, w: 0.70710677}
  m_LocalPosition: {x: -0.125, y: -0.98999995, z: 0}
  m_LocalScale: {x: 5, y: 1, z: 0.25000012}
  m_Children: []
  m_Father: {fileID: 4699181943798912}
  m_RootOrder: 1
  m_LocalEulerAnglesHint: {x: 0, y: 90.00001, z: 0}
--- !u!23 &23452418926332198
MeshRenderer:
  m_ObjectHideFlags: 0
  m_CorrespondingSourceObject: {fileID: 0}
  m_PrefabInstance: {fileID: 0}
  m_PrefabAsset: {fileID: 0}
  m_GameObject: {fileID: 1739625413747730}
  m_Enabled: 1
  m_CastShadows: 1
  m_ReceiveShadows: 1
  m_DynamicOccludee: 1
  m_MotionVectors: 1
  m_LightProbeUsage: 1
  m_ReflectionProbeUsage: 1
  m_RenderingLayerMask: 4294967295
  m_RendererPriority: 0
  m_Materials:
  - {fileID: 2100000, guid: 91c49f004a1dc2d44843008630910f98, type: 2}
  m_StaticBatchInfo:
    firstSubMesh: 0
    subMeshCount: 0
  m_StaticBatchRoot: {fileID: 0}
  m_ProbeAnchor: {fileID: 0}
  m_LightProbeVolumeOverride: {fileID: 0}
  m_ScaleInLightmap: 1
  m_ReceiveGI: 1
  m_PreserveUVs: 0
  m_IgnoreNormalsForChartDetection: 0
  m_ImportantGI: 0
  m_StitchLightmapSeams: 0
  m_SelectedEditorRenderState: 3
  m_MinimumChartSize: 4
  m_AutoUVMaxDistance: 0.5
  m_AutoUVMaxAngle: 89
  m_LightmapParameters: {fileID: 0}
  m_SortingLayerID: 0
  m_SortingLayer: 0
  m_SortingOrder: 0
--- !u!114 &114888943065973008
MonoBehaviour:
  m_ObjectHideFlags: 0
  m_CorrespondingSourceObject: {fileID: 0}
  m_PrefabInstance: {fileID: 0}
  m_PrefabAsset: {fileID: 0}
  m_GameObject: {fileID: 1739625413747730}
  m_Enabled: 1
  m_EditorHideFlags: 0
  m_Script: {fileID: 11500000, guid: 30c47bf369fc38445aed1fe62d6602b9, type: 3}
  m_Name: 
  m_EditorClassIdentifier: 
--- !u!33 &33806814564238102
MeshFilter:
  m_ObjectHideFlags: 0
  m_CorrespondingSourceObject: {fileID: 0}
  m_PrefabInstance: {fileID: 0}
  m_PrefabAsset: {fileID: 0}
  m_GameObject: {fileID: 1739625413747730}
  m_Mesh: {fileID: 0}
--- !u!1 &1865596147479228
GameObject:
  m_ObjectHideFlags: 0
  m_CorrespondingSourceObject: {fileID: 0}
  m_PrefabInstance: {fileID: 0}
  m_PrefabAsset: {fileID: 0}
  serializedVersion: 6
  m_Component:
  - component: {fileID: 4522276975737576}
  - component: {fileID: 23753383962734096}
  - component: {fileID: 114368333683320912}
  - component: {fileID: 33612540978650586}
  m_Layer: 0
  m_Name: Xruler
  m_TagString: Untagged
  m_Icon: {fileID: 0}
  m_NavMeshLayer: 0
  m_StaticEditorFlags: 0
  m_IsActive: 1
--- !u!4 &4522276975737576
Transform:
  m_ObjectHideFlags: 0
  m_CorrespondingSourceObject: {fileID: 0}
  m_PrefabInstance: {fileID: 0}
  m_PrefabAsset: {fileID: 0}
  m_GameObject: {fileID: 1865596147479228}
  m_LocalRotation: {x: -0, y: -1, z: -0, w: 0}
  m_LocalPosition: {x: 0, y: -0.98999995, z: 0.125}
  m_LocalScale: {x: 5, y: 1, z: 0.25}
  m_Children: []
  m_Father: {fileID: 4699181943798912}
  m_RootOrder: 0
  m_LocalEulerAnglesHint: {x: 0, y: 0, z: 0}
--- !u!23 &23753383962734096
MeshRenderer:
  m_ObjectHideFlags: 0
  m_CorrespondingSourceObject: {fileID: 0}
  m_PrefabInstance: {fileID: 0}
  m_PrefabAsset: {fileID: 0}
  m_GameObject: {fileID: 1865596147479228}
  m_Enabled: 1
  m_CastShadows: 1
  m_ReceiveShadows: 1
  m_DynamicOccludee: 1
  m_MotionVectors: 1
  m_LightProbeUsage: 1
  m_ReflectionProbeUsage: 1
  m_RenderingLayerMask: 4294967295
  m_RendererPriority: 0
  m_Materials:
  - {fileID: 2100000, guid: 91c49f004a1dc2d44843008630910f98, type: 2}
  m_StaticBatchInfo:
    firstSubMesh: 0
    subMeshCount: 0
  m_StaticBatchRoot: {fileID: 0}
  m_ProbeAnchor: {fileID: 0}
  m_LightProbeVolumeOverride: {fileID: 0}
  m_ScaleInLightmap: 1
  m_ReceiveGI: 1
  m_PreserveUVs: 0
  m_IgnoreNormalsForChartDetection: 0
  m_ImportantGI: 0
  m_StitchLightmapSeams: 0
  m_SelectedEditorRenderState: 3
  m_MinimumChartSize: 4
  m_AutoUVMaxDistance: 0.5
  m_AutoUVMaxAngle: 89
  m_LightmapParameters: {fileID: 0}
  m_SortingLayerID: 0
  m_SortingLayer: 0
  m_SortingOrder: 0
--- !u!114 &114368333683320912
MonoBehaviour:
  m_ObjectHideFlags: 0
  m_CorrespondingSourceObject: {fileID: 0}
  m_PrefabInstance: {fileID: 0}
  m_PrefabAsset: {fileID: 0}
  m_GameObject: {fileID: 1865596147479228}
  m_Enabled: 1
  m_EditorHideFlags: 0
  m_Script: {fileID: 11500000, guid: 30c47bf369fc38445aed1fe62d6602b9, type: 3}
  m_Name: 
  m_EditorClassIdentifier: 
--- !u!33 &33612540978650586
MeshFilter:
  m_ObjectHideFlags: 0
  m_CorrespondingSourceObject: {fileID: 0}
  m_PrefabInstance: {fileID: 0}
  m_PrefabAsset: {fileID: 0}
  m_GameObject: {fileID: 1865596147479228}
  m_Mesh: {fileID: 0}
--- !u!1 &1883582086738156
GameObject:
  m_ObjectHideFlags: 0
  m_CorrespondingSourceObject: {fileID: 0}
  m_PrefabInstance: {fileID: 0}
  m_PrefabAsset: {fileID: 0}
  serializedVersion: 6
  m_Component:
  - component: {fileID: 4680673938580596}
  - component: {fileID: 23262926380561418}
  - component: {fileID: 114348661077623184}
  - component: {fileID: 33069879298808616}
  m_Layer: 0
  m_Name: Zruler(-Z)
  m_TagString: Untagged
  m_Icon: {fileID: 0}
  m_NavMeshLayer: 0
  m_StaticEditorFlags: 0
  m_IsActive: 1
--- !u!4 &4680673938580596
Transform:
  m_ObjectHideFlags: 0
  m_CorrespondingSourceObject: {fileID: 0}
  m_PrefabInstance: {fileID: 0}
  m_PrefabAsset: {fileID: 0}
  m_GameObject: {fileID: 1883582086738156}
  m_LocalRotation: {x: -0, y: -0.7071068, z: -0, w: 0.7071068}
  m_LocalPosition: {x: 0.125, y: -0.98999995, z: 0}
  m_LocalScale: {x: 5, y: 1, z: 0.25000024}
  m_Children: []
  m_Father: {fileID: 4699181943798912}
  m_RootOrder: 3
  m_LocalEulerAnglesHint: {x: 0, y: 90, z: 0}
--- !u!23 &23262926380561418
MeshRenderer:
  m_ObjectHideFlags: 0
  m_CorrespondingSourceObject: {fileID: 0}
  m_PrefabInstance: {fileID: 0}
  m_PrefabAsset: {fileID: 0}
  m_GameObject: {fileID: 1883582086738156}
  m_Enabled: 1
  m_CastShadows: 1
  m_ReceiveShadows: 1
  m_DynamicOccludee: 1
  m_MotionVectors: 1
  m_LightProbeUsage: 1
  m_ReflectionProbeUsage: 1
  m_RenderingLayerMask: 4294967295
  m_RendererPriority: 0
  m_Materials:
  - {fileID: 2100000, guid: 91c49f004a1dc2d44843008630910f98, type: 2}
  m_StaticBatchInfo:
    firstSubMesh: 0
    subMeshCount: 0
  m_StaticBatchRoot: {fileID: 0}
  m_ProbeAnchor: {fileID: 0}
  m_LightProbeVolumeOverride: {fileID: 0}
  m_ScaleInLightmap: 1
  m_ReceiveGI: 1
  m_PreserveUVs: 0
  m_IgnoreNormalsForChartDetection: 0
  m_ImportantGI: 0
  m_StitchLightmapSeams: 0
  m_SelectedEditorRenderState: 3
  m_MinimumChartSize: 4
  m_AutoUVMaxDistance: 0.5
  m_AutoUVMaxAngle: 89
  m_LightmapParameters: {fileID: 0}
  m_SortingLayerID: 0
  m_SortingLayer: 0
  m_SortingOrder: 0
--- !u!114 &114348661077623184
MonoBehaviour:
  m_ObjectHideFlags: 0
  m_CorrespondingSourceObject: {fileID: 0}
  m_PrefabInstance: {fileID: 0}
  m_PrefabAsset: {fileID: 0}
  m_GameObject: {fileID: 1883582086738156}
  m_Enabled: 1
  m_EditorHideFlags: 0
  m_Script: {fileID: 11500000, guid: 30c47bf369fc38445aed1fe62d6602b9, type: 3}
  m_Name: 
  m_EditorClassIdentifier: 
--- !u!33 &33069879298808616
MeshFilter:
  m_ObjectHideFlags: 0
  m_CorrespondingSourceObject: {fileID: 0}
  m_PrefabInstance: {fileID: 0}
  m_PrefabAsset: {fileID: 0}
  m_GameObject: {fileID: 1883582086738156}
  m_Mesh: {fileID: 0}
--- !u!1 &1985214960673358
GameObject:
  m_ObjectHideFlags: 0
  m_CorrespondingSourceObject: {fileID: 0}
  m_PrefabInstance: {fileID: 0}
  m_PrefabAsset: {fileID: 0}
  serializedVersion: 6
  m_Component:
  - component: {fileID: 4046303565982386}
  - component: {fileID: 33964306031867224}
  - component: {fileID: 64245252142051198}
  m_Layer: 0
  m_Name: stage
  m_TagString: Untagged
  m_Icon: {fileID: 0}
  m_NavMeshLayer: 0
  m_StaticEditorFlags: 0
  m_IsActive: 1
--- !u!4 &4046303565982386
Transform:
  m_ObjectHideFlags: 0
  m_CorrespondingSourceObject: {fileID: 0}
  m_PrefabInstance: {fileID: 0}
  m_PrefabAsset: {fileID: 0}
  m_GameObject: {fileID: 1985214960673358}
  m_LocalRotation: {x: 0, y: 1, z: 0, w: 0}
  m_LocalPosition: {x: 0, y: 0.01, z: 0}
  m_LocalScale: {x: 1, y: 1, z: 1}
  m_Children:
  - {fileID: 4699181943798912}
  - {fileID: 1034160746}
  - {fileID: 4968294299628682771}
  m_Father: {fileID: 4822571370776048}
  m_RootOrder: 0
  m_LocalEulerAnglesHint: {x: 0, y: 180, z: 0}
--- !u!33 &33964306031867224
MeshFilter:
  m_ObjectHideFlags: 0
  m_CorrespondingSourceObject: {fileID: 0}
  m_PrefabInstance: {fileID: 0}
  m_PrefabAsset: {fileID: 0}
  m_GameObject: {fileID: 1985214960673358}
  m_Mesh: {fileID: 10209, guid: 0000000000000000e000000000000000, type: 0}
--- !u!64 &64245252142051198
MeshCollider:
  m_ObjectHideFlags: 0
  m_CorrespondingSourceObject: {fileID: 0}
  m_PrefabInstance: {fileID: 0}
  m_PrefabAsset: {fileID: 0}
  m_GameObject: {fileID: 1985214960673358}
  m_Material: {fileID: 0}
  m_IsTrigger: 0
  m_Enabled: 1
  serializedVersion: 3
  m_Convex: 0
  m_CookingOptions: 14
  m_Mesh: {fileID: 10209, guid: 0000000000000000e000000000000000, type: 0}
--- !u!1 &8824863847442946558
GameObject:
  m_ObjectHideFlags: 0
  m_CorrespondingSourceObject: {fileID: 0}
  m_PrefabInstance: {fileID: 0}
  m_PrefabAsset: {fileID: 0}
  serializedVersion: 6
  m_Component:
  - component: {fileID: 4968294299628682771}
  - component: {fileID: 2270829177084623101}
  - component: {fileID: 4500055113861815859}
  - component: {fileID: 2319875043320324516}
  m_Layer: 0
  m_Name: Plane
  m_TagString: Untagged
  m_Icon: {fileID: 0}
  m_NavMeshLayer: 0
  m_StaticEditorFlags: 0
  m_IsActive: 1
--- !u!4 &4968294299628682771
Transform:
  m_ObjectHideFlags: 0
  m_CorrespondingSourceObject: {fileID: 0}
  m_PrefabInstance: {fileID: 0}
  m_PrefabAsset: {fileID: 0}
  m_GameObject: {fileID: 8824863847442946558}
  m_LocalRotation: {x: 0, y: 0, z: 0, w: 1}
  m_LocalPosition: {x: 0, y: 0, z: -2.32}
  m_LocalScale: {x: 1, y: 1, z: 0.5}
  m_Children: []
  m_Father: {fileID: 4046303565982386}
  m_RootOrder: 2
  m_LocalEulerAnglesHint: {x: 0, y: 0, z: 0}
--- !u!33 &2270829177084623101
MeshFilter:
  m_ObjectHideFlags: 0
  m_CorrespondingSourceObject: {fileID: 0}
  m_PrefabInstance: {fileID: 0}
  m_PrefabAsset: {fileID: 0}
  m_GameObject: {fileID: 8824863847442946558}
  m_Mesh: {fileID: 10209, guid: 0000000000000000e000000000000000, type: 0}
--- !u!23 &4500055113861815859
MeshRenderer:
  m_ObjectHideFlags: 0
  m_CorrespondingSourceObject: {fileID: 0}
  m_PrefabInstance: {fileID: 0}
  m_PrefabAsset: {fileID: 0}
  m_GameObject: {fileID: 8824863847442946558}
  m_Enabled: 1
  m_CastShadows: 1
  m_ReceiveShadows: 1
  m_DynamicOccludee: 1
  m_MotionVectors: 1
  m_LightProbeUsage: 1
  m_ReflectionProbeUsage: 1
  m_RenderingLayerMask: 4294967295
  m_RendererPriority: 0
  m_Materials:
  - {fileID: 2100000, guid: d1a89def4a66b4824bb3fd1f5e5ed0cf, type: 2}
  m_StaticBatchInfo:
    firstSubMesh: 0
    subMeshCount: 0
  m_StaticBatchRoot: {fileID: 0}
  m_ProbeAnchor: {fileID: 0}
  m_LightProbeVolumeOverride: {fileID: 0}
  m_ScaleInLightmap: 1
  m_ReceiveGI: 1
  m_PreserveUVs: 1
  m_IgnoreNormalsForChartDetection: 0
  m_ImportantGI: 0
  m_StitchLightmapSeams: 0
  m_SelectedEditorRenderState: 3
  m_MinimumChartSize: 4
  m_AutoUVMaxDistance: 0.5
  m_AutoUVMaxAngle: 89
  m_LightmapParameters: {fileID: 0}
  m_SortingLayerID: 0
  m_SortingLayer: 0
  m_SortingOrder: 0
--- !u!64 &2319875043320324516
MeshCollider:
  m_ObjectHideFlags: 0
  m_CorrespondingSourceObject: {fileID: 0}
  m_PrefabInstance: {fileID: 0}
  m_PrefabAsset: {fileID: 0}
  m_GameObject: {fileID: 8824863847442946558}
  m_Material: {fileID: 0}
  m_IsTrigger: 0
  m_Enabled: 1
  serializedVersion: 3
  m_Convex: 0
  m_CookingOptions: 14
  m_Mesh: {fileID: 10209, guid: 0000000000000000e000000000000000, type: 0}
--- !u!1001 &1094253667
PrefabInstance:
  m_ObjectHideFlags: 0
  serializedVersion: 2
  m_Modification:
    m_TransformParent: {fileID: 4822571370776048}
    m_Modifications:
    - target: {fileID: 1615071680175890660, guid: 81114c30c91fb46db90532bc8be8c8f3,
        type: 3}
      propertyPath: m_Enabled
      value: 1
      objectReference: {fileID: 0}
    - target: {fileID: 3378463895624306947, guid: 81114c30c91fb46db90532bc8be8c8f3,
        type: 3}
      propertyPath: m_LocalPosition.x
      value: -1.22
      objectReference: {fileID: 0}
    - target: {fileID: 3378463895624306947, guid: 81114c30c91fb46db90532bc8be8c8f3,
        type: 3}
      propertyPath: m_LocalPosition.y
      value: 0
      objectReference: {fileID: 0}
    - target: {fileID: 3378463895624306947, guid: 81114c30c91fb46db90532bc8be8c8f3,
        type: 3}
      propertyPath: m_LocalPosition.z
      value: 2.72
      objectReference: {fileID: 0}
    - target: {fileID: 3378463895624306947, guid: 81114c30c91fb46db90532bc8be8c8f3,
        type: 3}
      propertyPath: m_LocalRotation.x
      value: -0
      objectReference: {fileID: 0}
    - target: {fileID: 3378463895624306947, guid: 81114c30c91fb46db90532bc8be8c8f3,
        type: 3}
      propertyPath: m_LocalRotation.y
      value: -0
      objectReference: {fileID: 0}
    - target: {fileID: 3378463895624306947, guid: 81114c30c91fb46db90532bc8be8c8f3,
        type: 3}
      propertyPath: m_LocalRotation.z
      value: -0
      objectReference: {fileID: 0}
    - target: {fileID: 3378463895624306947, guid: 81114c30c91fb46db90532bc8be8c8f3,
        type: 3}
      propertyPath: m_LocalRotation.w
      value: 1
      objectReference: {fileID: 0}
    - target: {fileID: 3378463895624306947, guid: 81114c30c91fb46db90532bc8be8c8f3,
        type: 3}
      propertyPath: m_RootOrder
      value: 4
      objectReference: {fileID: 0}
    - target: {fileID: 3378463895624306947, guid: 81114c30c91fb46db90532bc8be8c8f3,
        type: 3}
      propertyPath: m_LocalEulerAnglesHint.x
      value: 0
      objectReference: {fileID: 0}
    - target: {fileID: 3378463895624306947, guid: 81114c30c91fb46db90532bc8be8c8f3,
        type: 3}
      propertyPath: m_LocalEulerAnglesHint.y
      value: 0
      objectReference: {fileID: 0}
    - target: {fileID: 3378463895624306947, guid: 81114c30c91fb46db90532bc8be8c8f3,
        type: 3}
      propertyPath: m_LocalEulerAnglesHint.z
      value: 0
      objectReference: {fileID: 0}
    - target: {fileID: 3384010644704036729, guid: 81114c30c91fb46db90532bc8be8c8f3,
        type: 3}
      propertyPath: m_Name
      value: clarinet
      objectReference: {fileID: 0}
    - target: {fileID: 3384010644704036729, guid: 81114c30c91fb46db90532bc8be8c8f3,
        type: 3}
      propertyPath: m_IsActive
      value: 0
      objectReference: {fileID: 0}
    - target: {fileID: 3415060791065690043, guid: 81114c30c91fb46db90532bc8be8c8f3,
        type: 3}
      propertyPath: directivityAlpha
      value: 0.224
      objectReference: {fileID: 0}
    - target: {fileID: 3415142990526674693, guid: 81114c30c91fb46db90532bc8be8c8f3,
        type: 3}
      propertyPath: assignMode
      value: 0
      objectReference: {fileID: 0}
    - target: {fileID: 3415142990526674693, guid: 81114c30c91fb46db90532bc8be8c8f3,
        type: 3}
      propertyPath: fixedIndex
      value: 3
      objectReference: {fileID: 0}
    - target: {fileID: 3447296656795488111, guid: 81114c30c91fb46db90532bc8be8c8f3,
        type: 3}
      propertyPath: MaxDistance
      value: 18
      objectReference: {fileID: 0}
    m_RemovedComponents: []
  m_SourcePrefab: {fileID: 100100000, guid: 81114c30c91fb46db90532bc8be8c8f3, type: 3}
--- !u!4 &3378463894532238688 stripped
Transform:
  m_CorrespondingSourceObject: {fileID: 3378463895624306947, guid: 81114c30c91fb46db90532bc8be8c8f3,
    type: 3}
  m_PrefabInstance: {fileID: 1094253667}
  m_PrefabAsset: {fileID: 0}
--- !u!1001 &207868164445807882
PrefabInstance:
  m_ObjectHideFlags: 0
  serializedVersion: 2
  m_Modification:
    m_TransformParent: {fileID: 4822571370776048}
    m_Modifications:
    - target: {fileID: 1615071680175890660, guid: 81114c30c91fb46db90532bc8be8c8f3,
        type: 3}
      propertyPath: m_Enabled
      value: 1
      objectReference: {fileID: 0}
    - target: {fileID: 3378463895624306947, guid: 81114c30c91fb46db90532bc8be8c8f3,
        type: 3}
      propertyPath: m_LocalPosition.x
      value: -1.83
      objectReference: {fileID: 0}
    - target: {fileID: 3378463895624306947, guid: 81114c30c91fb46db90532bc8be8c8f3,
        type: 3}
      propertyPath: m_LocalPosition.y
      value: 0
      objectReference: {fileID: 0}
    - target: {fileID: 3378463895624306947, guid: 81114c30c91fb46db90532bc8be8c8f3,
        type: 3}
      propertyPath: m_LocalPosition.z
      value: 0.22900033
      objectReference: {fileID: 0}
    - target: {fileID: 3378463895624306947, guid: 81114c30c91fb46db90532bc8be8c8f3,
        type: 3}
      propertyPath: m_LocalRotation.x
      value: -0
      objectReference: {fileID: 0}
    - target: {fileID: 3378463895624306947, guid: 81114c30c91fb46db90532bc8be8c8f3,
        type: 3}
      propertyPath: m_LocalRotation.y
      value: -0
      objectReference: {fileID: 0}
    - target: {fileID: 3378463895624306947, guid: 81114c30c91fb46db90532bc8be8c8f3,
        type: 3}
      propertyPath: m_LocalRotation.z
      value: -0
      objectReference: {fileID: 0}
    - target: {fileID: 3378463895624306947, guid: 81114c30c91fb46db90532bc8be8c8f3,
        type: 3}
      propertyPath: m_LocalRotation.w
      value: 1
      objectReference: {fileID: 0}
    - target: {fileID: 3378463895624306947, guid: 81114c30c91fb46db90532bc8be8c8f3,
        type: 3}
      propertyPath: m_RootOrder
      value: 14
      objectReference: {fileID: 0}
    - target: {fileID: 3378463895624306947, guid: 81114c30c91fb46db90532bc8be8c8f3,
        type: 3}
      propertyPath: m_LocalEulerAnglesHint.x
      value: 0
      objectReference: {fileID: 0}
    - target: {fileID: 3378463895624306947, guid: 81114c30c91fb46db90532bc8be8c8f3,
        type: 3}
      propertyPath: m_LocalEulerAnglesHint.y
      value: 0
      objectReference: {fileID: 0}
    - target: {fileID: 3378463895624306947, guid: 81114c30c91fb46db90532bc8be8c8f3,
        type: 3}
      propertyPath: m_LocalEulerAnglesHint.z
      value: 0
      objectReference: {fileID: 0}
    - target: {fileID: 3384010644704036729, guid: 81114c30c91fb46db90532bc8be8c8f3,
        type: 3}
      propertyPath: m_Name
      value: violin1A
      objectReference: {fileID: 0}
    - target: {fileID: 3384010644704036729, guid: 81114c30c91fb46db90532bc8be8c8f3,
        type: 3}
      propertyPath: m_IsActive
      value: 0
      objectReference: {fileID: 0}
    - target: {fileID: 3415060791065690043, guid: 81114c30c91fb46db90532bc8be8c8f3,
        type: 3}
      propertyPath: directivityAlpha
      value: 0.224
      objectReference: {fileID: 0}
    - target: {fileID: 3415142990526674693, guid: 81114c30c91fb46db90532bc8be8c8f3,
        type: 3}
      propertyPath: assignMode
      value: 0
      objectReference: {fileID: 0}
    - target: {fileID: 3415142990526674693, guid: 81114c30c91fb46db90532bc8be8c8f3,
        type: 3}
      propertyPath: fixedIndex
      value: 13
      objectReference: {fileID: 0}
    - target: {fileID: 3447296656795488111, guid: 81114c30c91fb46db90532bc8be8c8f3,
        type: 3}
      propertyPath: MaxDistance
      value: 18
      objectReference: {fileID: 0}
    m_RemovedComponents: []
  m_SourcePrefab: {fileID: 100100000, guid: 81114c30c91fb46db90532bc8be8c8f3, type: 3}
--- !u!4 &3170756229971375113 stripped
Transform:
  m_CorrespondingSourceObject: {fileID: 3378463895624306947, guid: 81114c30c91fb46db90532bc8be8c8f3,
    type: 3}
  m_PrefabInstance: {fileID: 207868164445807882}
  m_PrefabAsset: {fileID: 0}
--- !u!1001 &2045438642327089871
PrefabInstance:
  m_ObjectHideFlags: 0
  serializedVersion: 2
  m_Modification:
    m_TransformParent: {fileID: 4822571370776048}
    m_Modifications:
    - target: {fileID: 1615071680175890660, guid: 81114c30c91fb46db90532bc8be8c8f3,
        type: 3}
      propertyPath: m_Enabled
      value: 1
      objectReference: {fileID: 0}
    - target: {fileID: 3378463895624306947, guid: 81114c30c91fb46db90532bc8be8c8f3,
        type: 3}
      propertyPath: m_LocalPosition.x
      value: 3.234
      objectReference: {fileID: 0}
    - target: {fileID: 3378463895624306947, guid: 81114c30c91fb46db90532bc8be8c8f3,
        type: 3}
      propertyPath: m_LocalPosition.y
      value: 0
      objectReference: {fileID: 0}
    - target: {fileID: 3378463895624306947, guid: 81114c30c91fb46db90532bc8be8c8f3,
        type: 3}
      propertyPath: m_LocalPosition.z
      value: 0.4190004
      objectReference: {fileID: 0}
    - target: {fileID: 3378463895624306947, guid: 81114c30c91fb46db90532bc8be8c8f3,
        type: 3}
      propertyPath: m_LocalRotation.x
      value: -0
      objectReference: {fileID: 0}
    - target: {fileID: 3378463895624306947, guid: 81114c30c91fb46db90532bc8be8c8f3,
        type: 3}
      propertyPath: m_LocalRotation.y
      value: -0
      objectReference: {fileID: 0}
    - target: {fileID: 3378463895624306947, guid: 81114c30c91fb46db90532bc8be8c8f3,
        type: 3}
      propertyPath: m_LocalRotation.z
      value: -0
      objectReference: {fileID: 0}
    - target: {fileID: 3378463895624306947, guid: 81114c30c91fb46db90532bc8be8c8f3,
        type: 3}
      propertyPath: m_LocalRotation.w
      value: 1
      objectReference: {fileID: 0}
    - target: {fileID: 3378463895624306947, guid: 81114c30c91fb46db90532bc8be8c8f3,
        type: 3}
      propertyPath: m_RootOrder
      value: 17
      objectReference: {fileID: 0}
    - target: {fileID: 3378463895624306947, guid: 81114c30c91fb46db90532bc8be8c8f3,
        type: 3}
      propertyPath: m_LocalEulerAnglesHint.x
      value: 0
      objectReference: {fileID: 0}
    - target: {fileID: 3378463895624306947, guid: 81114c30c91fb46db90532bc8be8c8f3,
        type: 3}
      propertyPath: m_LocalEulerAnglesHint.y
      value: 0
      objectReference: {fileID: 0}
    - target: {fileID: 3378463895624306947, guid: 81114c30c91fb46db90532bc8be8c8f3,
        type: 3}
      propertyPath: m_LocalEulerAnglesHint.z
      value: 0
      objectReference: {fileID: 0}
    - target: {fileID: 3384010644704036729, guid: 81114c30c91fb46db90532bc8be8c8f3,
        type: 3}
      propertyPath: m_Name
      value: violin2B
      objectReference: {fileID: 0}
    - target: {fileID: 3384010644704036729, guid: 81114c30c91fb46db90532bc8be8c8f3,
        type: 3}
      propertyPath: m_IsActive
      value: 0
      objectReference: {fileID: 0}
    - target: {fileID: 3415060791065690043, guid: 81114c30c91fb46db90532bc8be8c8f3,
        type: 3}
      propertyPath: directivityAlpha
      value: 0.224
      objectReference: {fileID: 0}
    - target: {fileID: 3415142990526674693, guid: 81114c30c91fb46db90532bc8be8c8f3,
        type: 3}
      propertyPath: assignMode
      value: 0
      objectReference: {fileID: 0}
    - target: {fileID: 3415142990526674693, guid: 81114c30c91fb46db90532bc8be8c8f3,
        type: 3}
      propertyPath: fixedIndex
      value: 16
      objectReference: {fileID: 0}
    - target: {fileID: 3447296656795488111, guid: 81114c30c91fb46db90532bc8be8c8f3,
        type: 3}
      propertyPath: MaxDistance
      value: 18
      objectReference: {fileID: 0}
    m_RemovedComponents: []
  m_SourcePrefab: {fileID: 100100000, guid: 81114c30c91fb46db90532bc8be8c8f3, type: 3}
--- !u!4 &3639027902309737420 stripped
Transform:
  m_CorrespondingSourceObject: {fileID: 3378463895624306947, guid: 81114c30c91fb46db90532bc8be8c8f3,
    type: 3}
  m_PrefabInstance: {fileID: 2045438642327089871}
  m_PrefabAsset: {fileID: 0}
--- !u!1001 &2653020717942162739
PrefabInstance:
  m_ObjectHideFlags: 0
  serializedVersion: 2
  m_Modification:
    m_TransformParent: {fileID: 4822571370776048}
    m_Modifications:
    - target: {fileID: 1615071680175890660, guid: 81114c30c91fb46db90532bc8be8c8f3,
        type: 3}
      propertyPath: m_Enabled
      value: 1
      objectReference: {fileID: 0}
    - target: {fileID: 3378463895624306947, guid: 81114c30c91fb46db90532bc8be8c8f3,
        type: 3}
      propertyPath: m_LocalPosition.x
      value: 2.778
      objectReference: {fileID: 0}
    - target: {fileID: 3378463895624306947, guid: 81114c30c91fb46db90532bc8be8c8f3,
        type: 3}
      propertyPath: m_LocalPosition.y
      value: 0
      objectReference: {fileID: 0}
    - target: {fileID: 3378463895624306947, guid: 81114c30c91fb46db90532bc8be8c8f3,
        type: 3}
      propertyPath: m_LocalPosition.z
      value: 1.763
      objectReference: {fileID: 0}
    - target: {fileID: 3378463895624306947, guid: 81114c30c91fb46db90532bc8be8c8f3,
        type: 3}
      propertyPath: m_LocalRotation.x
      value: -0
      objectReference: {fileID: 0}
    - target: {fileID: 3378463895624306947, guid: 81114c30c91fb46db90532bc8be8c8f3,
        type: 3}
      propertyPath: m_LocalRotation.y
      value: -0
      objectReference: {fileID: 0}
    - target: {fileID: 3378463895624306947, guid: 81114c30c91fb46db90532bc8be8c8f3,
        type: 3}
      propertyPath: m_LocalRotation.z
      value: -0
      objectReference: {fileID: 0}
    - target: {fileID: 3378463895624306947, guid: 81114c30c91fb46db90532bc8be8c8f3,
        type: 3}
      propertyPath: m_LocalRotation.w
      value: 1
      objectReference: {fileID: 0}
    - target: {fileID: 3378463895624306947, guid: 81114c30c91fb46db90532bc8be8c8f3,
        type: 3}
      propertyPath: m_RootOrder
      value: 13
      objectReference: {fileID: 0}
    - target: {fileID: 3378463895624306947, guid: 81114c30c91fb46db90532bc8be8c8f3,
        type: 3}
      propertyPath: m_LocalEulerAnglesHint.x
      value: 0
      objectReference: {fileID: 0}
    - target: {fileID: 3378463895624306947, guid: 81114c30c91fb46db90532bc8be8c8f3,
        type: 3}
      propertyPath: m_LocalEulerAnglesHint.y
      value: 0
      objectReference: {fileID: 0}
    - target: {fileID: 3378463895624306947, guid: 81114c30c91fb46db90532bc8be8c8f3,
        type: 3}
      propertyPath: m_LocalEulerAnglesHint.z
      value: 0
      objectReference: {fileID: 0}
    - target: {fileID: 3384010644704036729, guid: 81114c30c91fb46db90532bc8be8c8f3,
        type: 3}
      propertyPath: m_Name
      value: violaB
      objectReference: {fileID: 0}
    - target: {fileID: 3384010644704036729, guid: 81114c30c91fb46db90532bc8be8c8f3,
        type: 3}
      propertyPath: m_IsActive
      value: 0
      objectReference: {fileID: 0}
    - target: {fileID: 3415060791065690043, guid: 81114c30c91fb46db90532bc8be8c8f3,
        type: 3}
      propertyPath: directivityAlpha
      value: 0.224
      objectReference: {fileID: 0}
    - target: {fileID: 3415142990526674693, guid: 81114c30c91fb46db90532bc8be8c8f3,
        type: 3}
      propertyPath: assignMode
      value: 0
      objectReference: {fileID: 0}
    - target: {fileID: 3415142990526674693, guid: 81114c30c91fb46db90532bc8be8c8f3,
        type: 3}
      propertyPath: fixedIndex
      value: 12
      objectReference: {fileID: 0}
    - target: {fileID: 3447296656795488111, guid: 81114c30c91fb46db90532bc8be8c8f3,
        type: 3}
      propertyPath: MaxDistance
      value: 18
      objectReference: {fileID: 0}
    m_RemovedComponents: []
  m_SourcePrefab: {fileID: 100100000, guid: 81114c30c91fb46db90532bc8be8c8f3, type: 3}
--- !u!4 &735172275126047792 stripped
Transform:
  m_CorrespondingSourceObject: {fileID: 3378463895624306947, guid: 81114c30c91fb46db90532bc8be8c8f3,
    type: 3}
  m_PrefabInstance: {fileID: 2653020717942162739}
  m_PrefabAsset: {fileID: 0}
--- !u!1001 &3061078696897016570
PrefabInstance:
  m_ObjectHideFlags: 0
  serializedVersion: 2
  m_Modification:
    m_TransformParent: {fileID: 4822571370776048}
    m_Modifications:
    - target: {fileID: 1615071680175890660, guid: 81114c30c91fb46db90532bc8be8c8f3,
        type: 3}
      propertyPath: m_Enabled
      value: 1
      objectReference: {fileID: 0}
    - target: {fileID: 3378463895624306947, guid: 81114c30c91fb46db90532bc8be8c8f3,
        type: 3}
      propertyPath: m_LocalPosition.x
      value: -3.51
      objectReference: {fileID: 0}
    - target: {fileID: 3378463895624306947, guid: 81114c30c91fb46db90532bc8be8c8f3,
        type: 3}
      propertyPath: m_LocalPosition.y
      value: 0
      objectReference: {fileID: 0}
    - target: {fileID: 3378463895624306947, guid: 81114c30c91fb46db90532bc8be8c8f3,
        type: 3}
      propertyPath: m_LocalPosition.z
      value: 0.46900034
      objectReference: {fileID: 0}
    - target: {fileID: 3378463895624306947, guid: 81114c30c91fb46db90532bc8be8c8f3,
        type: 3}
      propertyPath: m_LocalRotation.x
      value: -0
      objectReference: {fileID: 0}
    - target: {fileID: 3378463895624306947, guid: 81114c30c91fb46db90532bc8be8c8f3,
        type: 3}
      propertyPath: m_LocalRotation.y
      value: -0
      objectReference: {fileID: 0}
    - target: {fileID: 3378463895624306947, guid: 81114c30c91fb46db90532bc8be8c8f3,
        type: 3}
      propertyPath: m_LocalRotation.z
      value: -0
      objectReference: {fileID: 0}
    - target: {fileID: 3378463895624306947, guid: 81114c30c91fb46db90532bc8be8c8f3,
        type: 3}
      propertyPath: m_LocalRotation.w
      value: 1
      objectReference: {fileID: 0}
    - target: {fileID: 3378463895624306947, guid: 81114c30c91fb46db90532bc8be8c8f3,
        type: 3}
      propertyPath: m_RootOrder
      value: 15
      objectReference: {fileID: 0}
    - target: {fileID: 3378463895624306947, guid: 81114c30c91fb46db90532bc8be8c8f3,
        type: 3}
      propertyPath: m_LocalEulerAnglesHint.x
      value: 0
      objectReference: {fileID: 0}
    - target: {fileID: 3378463895624306947, guid: 81114c30c91fb46db90532bc8be8c8f3,
        type: 3}
      propertyPath: m_LocalEulerAnglesHint.y
      value: 0
      objectReference: {fileID: 0}
    - target: {fileID: 3378463895624306947, guid: 81114c30c91fb46db90532bc8be8c8f3,
        type: 3}
      propertyPath: m_LocalEulerAnglesHint.z
      value: 0
      objectReference: {fileID: 0}
    - target: {fileID: 3384010644704036729, guid: 81114c30c91fb46db90532bc8be8c8f3,
        type: 3}
      propertyPath: m_Name
      value: violin1B
      objectReference: {fileID: 0}
    - target: {fileID: 3384010644704036729, guid: 81114c30c91fb46db90532bc8be8c8f3,
        type: 3}
      propertyPath: m_IsActive
      value: 0
      objectReference: {fileID: 0}
    - target: {fileID: 3415060791065690043, guid: 81114c30c91fb46db90532bc8be8c8f3,
        type: 3}
      propertyPath: directivityAlpha
      value: 0.224
      objectReference: {fileID: 0}
    - target: {fileID: 3415142990526674693, guid: 81114c30c91fb46db90532bc8be8c8f3,
        type: 3}
      propertyPath: assignMode
      value: 0
      objectReference: {fileID: 0}
    - target: {fileID: 3415142990526674693, guid: 81114c30c91fb46db90532bc8be8c8f3,
        type: 3}
      propertyPath: fixedIndex
      value: 14
      objectReference: {fileID: 0}
    - target: {fileID: 3447296656795488111, guid: 81114c30c91fb46db90532bc8be8c8f3,
        type: 3}
      propertyPath: MaxDistance
      value: 18
      objectReference: {fileID: 0}
    m_RemovedComponents: []
  m_SourcePrefab: {fileID: 100100000, guid: 81114c30c91fb46db90532bc8be8c8f3, type: 3}
--- !u!4 &331460803190629369 stripped
Transform:
  m_CorrespondingSourceObject: {fileID: 3378463895624306947, guid: 81114c30c91fb46db90532bc8be8c8f3,
    type: 3}
  m_PrefabInstance: {fileID: 3061078696897016570}
  m_PrefabAsset: {fileID: 0}
--- !u!1001 &3322655591607419899
PrefabInstance:
  m_ObjectHideFlags: 0
  serializedVersion: 2
  m_Modification:
    m_TransformParent: {fileID: 4822571370776048}
    m_Modifications:
    - target: {fileID: 1615071680175890660, guid: 81114c30c91fb46db90532bc8be8c8f3,
        type: 3}
      propertyPath: m_Enabled
      value: 1
      objectReference: {fileID: 0}
    - target: {fileID: 3378463895624306947, guid: 81114c30c91fb46db90532bc8be8c8f3,
        type: 3}
      propertyPath: m_LocalPosition.x
      value: 2
      objectReference: {fileID: 0}
    - target: {fileID: 3378463895624306947, guid: 81114c30c91fb46db90532bc8be8c8f3,
        type: 3}
      propertyPath: m_LocalPosition.y
      value: 0
      objectReference: {fileID: 0}
    - target: {fileID: 3378463895624306947, guid: 81114c30c91fb46db90532bc8be8c8f3,
        type: 3}
      propertyPath: m_LocalPosition.z
      value: 3.5590005
      objectReference: {fileID: 0}
    - target: {fileID: 3378463895624306947, guid: 81114c30c91fb46db90532bc8be8c8f3,
        type: 3}
      propertyPath: m_LocalRotation.x
      value: -0
      objectReference: {fileID: 0}
    - target: {fileID: 3378463895624306947, guid: 81114c30c91fb46db90532bc8be8c8f3,
        type: 3}
      propertyPath: m_LocalRotation.y
      value: -0
      objectReference: {fileID: 0}
    - target: {fileID: 3378463895624306947, guid: 81114c30c91fb46db90532bc8be8c8f3,
        type: 3}
      propertyPath: m_LocalRotation.z
      value: -0
      objectReference: {fileID: 0}
    - target: {fileID: 3378463895624306947, guid: 81114c30c91fb46db90532bc8be8c8f3,
        type: 3}
      propertyPath: m_LocalRotation.w
      value: 1
      objectReference: {fileID: 0}
    - target: {fileID: 3378463895624306947, guid: 81114c30c91fb46db90532bc8be8c8f3,
        type: 3}
      propertyPath: m_RootOrder
      value: 11
      objectReference: {fileID: 0}
    - target: {fileID: 3378463895624306947, guid: 81114c30c91fb46db90532bc8be8c8f3,
        type: 3}
      propertyPath: m_LocalEulerAnglesHint.x
      value: 0
      objectReference: {fileID: 0}
    - target: {fileID: 3378463895624306947, guid: 81114c30c91fb46db90532bc8be8c8f3,
        type: 3}
      propertyPath: m_LocalEulerAnglesHint.y
      value: 0
      objectReference: {fileID: 0}
    - target: {fileID: 3378463895624306947, guid: 81114c30c91fb46db90532bc8be8c8f3,
        type: 3}
      propertyPath: m_LocalEulerAnglesHint.z
      value: 0
      objectReference: {fileID: 0}
    - target: {fileID: 3384010644704036729, guid: 81114c30c91fb46db90532bc8be8c8f3,
        type: 3}
      propertyPath: m_Name
      value: trumpet
      objectReference: {fileID: 0}
    - target: {fileID: 3384010644704036729, guid: 81114c30c91fb46db90532bc8be8c8f3,
        type: 3}
      propertyPath: m_IsActive
      value: 0
      objectReference: {fileID: 0}
    - target: {fileID: 3415060791065690043, guid: 81114c30c91fb46db90532bc8be8c8f3,
        type: 3}
      propertyPath: directivityAlpha
      value: 0.224
      objectReference: {fileID: 0}
    - target: {fileID: 3415142990526674693, guid: 81114c30c91fb46db90532bc8be8c8f3,
        type: 3}
      propertyPath: assignMode
      value: 0
      objectReference: {fileID: 0}
    - target: {fileID: 3415142990526674693, guid: 81114c30c91fb46db90532bc8be8c8f3,
        type: 3}
      propertyPath: fixedIndex
      value: 10
      objectReference: {fileID: 0}
    - target: {fileID: 3447296656795488111, guid: 81114c30c91fb46db90532bc8be8c8f3,
        type: 3}
      propertyPath: MaxDistance
      value: 18
      objectReference: {fileID: 0}
    m_RemovedComponents: []
  m_SourcePrefab: {fileID: 100100000, guid: 81114c30c91fb46db90532bc8be8c8f3, type: 3}
--- !u!4 &71713083597427448 stripped
Transform:
  m_CorrespondingSourceObject: {fileID: 3378463895624306947, guid: 81114c30c91fb46db90532bc8be8c8f3,
    type: 3}
  m_PrefabInstance: {fileID: 3322655591607419899}
  m_PrefabAsset: {fileID: 0}
--- !u!1001 &3713446593597459813
PrefabInstance:
  m_ObjectHideFlags: 0
  serializedVersion: 2
  m_Modification:
    m_TransformParent: {fileID: 4822571370776048}
    m_Modifications:
    - target: {fileID: 1615071680175890660, guid: 81114c30c91fb46db90532bc8be8c8f3,
        type: 3}
      propertyPath: m_Enabled
      value: 1
      objectReference: {fileID: 0}
    - target: {fileID: 3378463895624306947, guid: 81114c30c91fb46db90532bc8be8c8f3,
        type: 3}
      propertyPath: m_LocalPosition.x
      value: -0.779
      objectReference: {fileID: 0}
    - target: {fileID: 3378463895624306947, guid: 81114c30c91fb46db90532bc8be8c8f3,
        type: 3}
      propertyPath: m_LocalPosition.y
      value: 0
      objectReference: {fileID: 0}
    - target: {fileID: 3378463895624306947, guid: 81114c30c91fb46db90532bc8be8c8f3,
        type: 3}
      propertyPath: m_LocalPosition.z
      value: 0.85
      objectReference: {fileID: 0}
    - target: {fileID: 3378463895624306947, guid: 81114c30c91fb46db90532bc8be8c8f3,
        type: 3}
      propertyPath: m_LocalRotation.x
      value: -0
      objectReference: {fileID: 0}
    - target: {fileID: 3378463895624306947, guid: 81114c30c91fb46db90532bc8be8c8f3,
        type: 3}
      propertyPath: m_LocalRotation.y
      value: -0
      objectReference: {fileID: 0}
    - target: {fileID: 3378463895624306947, guid: 81114c30c91fb46db90532bc8be8c8f3,
        type: 3}
      propertyPath: m_LocalRotation.z
      value: -0
      objectReference: {fileID: 0}
    - target: {fileID: 3378463895624306947, guid: 81114c30c91fb46db90532bc8be8c8f3,
        type: 3}
      propertyPath: m_LocalRotation.w
      value: 1
      objectReference: {fileID: 0}
    - target: {fileID: 3378463895624306947, guid: 81114c30c91fb46db90532bc8be8c8f3,
        type: 3}
      propertyPath: m_RootOrder
      value: 2
      objectReference: {fileID: 0}
    - target: {fileID: 3378463895624306947, guid: 81114c30c91fb46db90532bc8be8c8f3,
        type: 3}
      propertyPath: m_LocalEulerAnglesHint.x
      value: 0
      objectReference: {fileID: 0}
    - target: {fileID: 3378463895624306947, guid: 81114c30c91fb46db90532bc8be8c8f3,
        type: 3}
      propertyPath: m_LocalEulerAnglesHint.y
      value: 0
      objectReference: {fileID: 0}
    - target: {fileID: 3378463895624306947, guid: 81114c30c91fb46db90532bc8be8c8f3,
        type: 3}
      propertyPath: m_LocalEulerAnglesHint.z
      value: 0
      objectReference: {fileID: 0}
    - target: {fileID: 3384010644704036729, guid: 81114c30c91fb46db90532bc8be8c8f3,
        type: 3}
      propertyPath: m_Name
      value: celloA
      objectReference: {fileID: 0}
    - target: {fileID: 3384010644704036729, guid: 81114c30c91fb46db90532bc8be8c8f3,
        type: 3}
      propertyPath: m_IsActive
      value: 0
      objectReference: {fileID: 0}
    - target: {fileID: 3415060791065690043, guid: 81114c30c91fb46db90532bc8be8c8f3,
        type: 3}
      propertyPath: directivityAlpha
      value: 0.224
      objectReference: {fileID: 0}
    - target: {fileID: 3415142990526674693, guid: 81114c30c91fb46db90532bc8be8c8f3,
        type: 3}
      propertyPath: assignMode
      value: 0
      objectReference: {fileID: 0}
    - target: {fileID: 3415142990526674693, guid: 81114c30c91fb46db90532bc8be8c8f3,
        type: 3}
      propertyPath: fixedIndex
      value: 1
      objectReference: {fileID: 0}
    - target: {fileID: 3447296656795488111, guid: 81114c30c91fb46db90532bc8be8c8f3,
        type: 3}
      propertyPath: MaxDistance
      value: 18
      objectReference: {fileID: 0}
    m_RemovedComponents: []
  m_SourcePrefab: {fileID: 100100000, guid: 81114c30c91fb46db90532bc8be8c8f3, type: 3}
--- !u!4 &2119619841222089830 stripped
Transform:
  m_CorrespondingSourceObject: {fileID: 3378463895624306947, guid: 81114c30c91fb46db90532bc8be8c8f3,
    type: 3}
  m_PrefabInstance: {fileID: 3713446593597459813}
  m_PrefabAsset: {fileID: 0}
--- !u!1001 &5655008735536776650
PrefabInstance:
  m_ObjectHideFlags: 0
  serializedVersion: 2
  m_Modification:
    m_TransformParent: {fileID: 4822571370776048}
    m_Modifications:
    - target: {fileID: 1615071680175890660, guid: 81114c30c91fb46db90532bc8be8c8f3,
        type: 3}
      propertyPath: m_Enabled
      value: 1
      objectReference: {fileID: 0}
    - target: {fileID: 3378463895624306947, guid: 81114c30c91fb46db90532bc8be8c8f3,
        type: 3}
      propertyPath: m_LocalPosition.x
      value: 1.082
      objectReference: {fileID: 0}
    - target: {fileID: 3378463895624306947, guid: 81114c30c91fb46db90532bc8be8c8f3,
        type: 3}
      propertyPath: m_LocalPosition.y
      value: 0
      objectReference: {fileID: 0}
    - target: {fileID: 3378463895624306947, guid: 81114c30c91fb46db90532bc8be8c8f3,
        type: 3}
      propertyPath: m_LocalPosition.z
      value: 2.7970004
      objectReference: {fileID: 0}
    - target: {fileID: 3378463895624306947, guid: 81114c30c91fb46db90532bc8be8c8f3,
        type: 3}
      propertyPath: m_LocalRotation.x
      value: -0
      objectReference: {fileID: 0}
    - target: {fileID: 3378463895624306947, guid: 81114c30c91fb46db90532bc8be8c8f3,
        type: 3}
      propertyPath: m_LocalRotation.y
      value: -0
      objectReference: {fileID: 0}
    - target: {fileID: 3378463895624306947, guid: 81114c30c91fb46db90532bc8be8c8f3,
        type: 3}
      propertyPath: m_LocalRotation.z
      value: -0
      objectReference: {fileID: 0}
    - target: {fileID: 3378463895624306947, guid: 81114c30c91fb46db90532bc8be8c8f3,
        type: 3}
      propertyPath: m_LocalRotation.w
      value: 1
      objectReference: {fileID: 0}
    - target: {fileID: 3378463895624306947, guid: 81114c30c91fb46db90532bc8be8c8f3,
        type: 3}
      propertyPath: m_RootOrder
      value: 1
      objectReference: {fileID: 0}
    - target: {fileID: 3378463895624306947, guid: 81114c30c91fb46db90532bc8be8c8f3,
        type: 3}
      propertyPath: m_LocalEulerAnglesHint.x
      value: 0
      objectReference: {fileID: 0}
    - target: {fileID: 3378463895624306947, guid: 81114c30c91fb46db90532bc8be8c8f3,
        type: 3}
      propertyPath: m_LocalEulerAnglesHint.y
      value: 0
      objectReference: {fileID: 0}
    - target: {fileID: 3378463895624306947, guid: 81114c30c91fb46db90532bc8be8c8f3,
        type: 3}
      propertyPath: m_LocalEulerAnglesHint.z
      value: 0
      objectReference: {fileID: 0}
    - target: {fileID: 3384010644704036729, guid: 81114c30c91fb46db90532bc8be8c8f3,
        type: 3}
      propertyPath: m_Name
      value: bassoon
      objectReference: {fileID: 0}
    - target: {fileID: 3384010644704036729, guid: 81114c30c91fb46db90532bc8be8c8f3,
        type: 3}
      propertyPath: m_IsActive
      value: 0
      objectReference: {fileID: 0}
    - target: {fileID: 3415060791065690043, guid: 81114c30c91fb46db90532bc8be8c8f3,
        type: 3}
      propertyPath: directivityAlpha
      value: 0.224
      objectReference: {fileID: 0}
    - target: {fileID: 3415142990526674693, guid: 81114c30c91fb46db90532bc8be8c8f3,
        type: 3}
      propertyPath: assignMode
      value: 0
      objectReference: {fileID: 0}
    - target: {fileID: 3447296656795488111, guid: 81114c30c91fb46db90532bc8be8c8f3,
        type: 3}
      propertyPath: MaxDistance
      value: 18
      objectReference: {fileID: 0}
    m_RemovedComponents: []
  m_SourcePrefab: {fileID: 100100000, guid: 81114c30c91fb46db90532bc8be8c8f3, type: 3}
--- !u!4 &6960339030987625673 stripped
Transform:
  m_CorrespondingSourceObject: {fileID: 3378463895624306947, guid: 81114c30c91fb46db90532bc8be8c8f3,
    type: 3}
  m_PrefabInstance: {fileID: 5655008735536776650}
  m_PrefabAsset: {fileID: 0}
--- !u!1001 &5739705598127845098
PrefabInstance:
  m_ObjectHideFlags: 0
  serializedVersion: 2
  m_Modification:
    m_TransformParent: {fileID: 4822571370776048}
    m_Modifications:
    - target: {fileID: 1615071680175890660, guid: 81114c30c91fb46db90532bc8be8c8f3,
        type: 3}
      propertyPath: m_Enabled
      value: 1
      objectReference: {fileID: 0}
    - target: {fileID: 3378463895624306947, guid: 81114c30c91fb46db90532bc8be8c8f3,
        type: 3}
      propertyPath: m_LocalPosition.x
      value: 0.604
      objectReference: {fileID: 0}
    - target: {fileID: 3378463895624306947, guid: 81114c30c91fb46db90532bc8be8c8f3,
        type: 3}
      propertyPath: m_LocalPosition.y
      value: 0
      objectReference: {fileID: 0}
    - target: {fileID: 3378463895624306947, guid: 81114c30c91fb46db90532bc8be8c8f3,
        type: 3}
      propertyPath: m_LocalPosition.z
      value: 4.092
      objectReference: {fileID: 0}
    - target: {fileID: 3378463895624306947, guid: 81114c30c91fb46db90532bc8be8c8f3,
        type: 3}
      propertyPath: m_LocalRotation.x
      value: -0
      objectReference: {fileID: 0}
    - target: {fileID: 3378463895624306947, guid: 81114c30c91fb46db90532bc8be8c8f3,
        type: 3}
      propertyPath: m_LocalRotation.y
      value: -0
      objectReference: {fileID: 0}
    - target: {fileID: 3378463895624306947, guid: 81114c30c91fb46db90532bc8be8c8f3,
        type: 3}
      propertyPath: m_LocalRotation.z
      value: -0
      objectReference: {fileID: 0}
    - target: {fileID: 3378463895624306947, guid: 81114c30c91fb46db90532bc8be8c8f3,
        type: 3}
      propertyPath: m_LocalRotation.w
      value: 1
      objectReference: {fileID: 0}
    - target: {fileID: 3378463895624306947, guid: 81114c30c91fb46db90532bc8be8c8f3,
        type: 3}
      propertyPath: m_RootOrder
      value: 10
      objectReference: {fileID: 0}
    - target: {fileID: 3378463895624306947, guid: 81114c30c91fb46db90532bc8be8c8f3,
        type: 3}
      propertyPath: m_LocalEulerAnglesHint.x
      value: 0
      objectReference: {fileID: 0}
    - target: {fileID: 3378463895624306947, guid: 81114c30c91fb46db90532bc8be8c8f3,
        type: 3}
      propertyPath: m_LocalEulerAnglesHint.y
      value: 0
      objectReference: {fileID: 0}
    - target: {fileID: 3378463895624306947, guid: 81114c30c91fb46db90532bc8be8c8f3,
        type: 3}
      propertyPath: m_LocalEulerAnglesHint.z
      value: 0
      objectReference: {fileID: 0}
    - target: {fileID: 3384010644704036729, guid: 81114c30c91fb46db90532bc8be8c8f3,
        type: 3}
      propertyPath: m_Name
      value: timpaniRight
      objectReference: {fileID: 0}
    - target: {fileID: 3384010644704036729, guid: 81114c30c91fb46db90532bc8be8c8f3,
        type: 3}
      propertyPath: m_IsActive
      value: 0
      objectReference: {fileID: 0}
    - target: {fileID: 3415060791065690043, guid: 81114c30c91fb46db90532bc8be8c8f3,
        type: 3}
      propertyPath: directivityAlpha
      value: 0.224
      objectReference: {fileID: 0}
    - target: {fileID: 3415142990526674693, guid: 81114c30c91fb46db90532bc8be8c8f3,
        type: 3}
      propertyPath: assignMode
      value: 0
      objectReference: {fileID: 0}
    - target: {fileID: 3415142990526674693, guid: 81114c30c91fb46db90532bc8be8c8f3,
        type: 3}
      propertyPath: fixedIndex
      value: 9
      objectReference: {fileID: 0}
    - target: {fileID: 3447296656795488111, guid: 81114c30c91fb46db90532bc8be8c8f3,
        type: 3}
      propertyPath: MaxDistance
      value: 18
      objectReference: {fileID: 0}
    m_RemovedComponents: []
  m_SourcePrefab: {fileID: 100100000, guid: 81114c30c91fb46db90532bc8be8c8f3, type: 3}
--- !u!4 &7009062097909743593 stripped
Transform:
  m_CorrespondingSourceObject: {fileID: 3378463895624306947, guid: 81114c30c91fb46db90532bc8be8c8f3,
    type: 3}
  m_PrefabInstance: {fileID: 5739705598127845098}
  m_PrefabAsset: {fileID: 0}
--- !u!1001 &6272213884811891029
PrefabInstance:
  m_ObjectHideFlags: 0
  serializedVersion: 2
  m_Modification:
    m_TransformParent: {fileID: 4822571370776048}
    m_Modifications:
    - target: {fileID: 1615071680175890660, guid: 81114c30c91fb46db90532bc8be8c8f3,
        type: 3}
      propertyPath: m_Enabled
      value: 1
      objectReference: {fileID: 0}
    - target: {fileID: 3378463895624306947, guid: 81114c30c91fb46db90532bc8be8c8f3,
        type: 3}
      propertyPath: m_LocalPosition.x
      value: 1.61
      objectReference: {fileID: 0}
    - target: {fileID: 3378463895624306947, guid: 81114c30c91fb46db90532bc8be8c8f3,
        type: 3}
      propertyPath: m_LocalPosition.y
      value: 0
      objectReference: {fileID: 0}
    - target: {fileID: 3378463895624306947, guid: 81114c30c91fb46db90532bc8be8c8f3,
        type: 3}
      propertyPath: m_LocalPosition.z
      value: 0.17900038
      objectReference: {fileID: 0}
    - target: {fileID: 3378463895624306947, guid: 81114c30c91fb46db90532bc8be8c8f3,
        type: 3}
      propertyPath: m_LocalRotation.x
      value: -0
      objectReference: {fileID: 0}
    - target: {fileID: 3378463895624306947, guid: 81114c30c91fb46db90532bc8be8c8f3,
        type: 3}
      propertyPath: m_LocalRotation.y
      value: -0
      objectReference: {fileID: 0}
    - target: {fileID: 3378463895624306947, guid: 81114c30c91fb46db90532bc8be8c8f3,
        type: 3}
      propertyPath: m_LocalRotation.z
      value: -0
      objectReference: {fileID: 0}
    - target: {fileID: 3378463895624306947, guid: 81114c30c91fb46db90532bc8be8c8f3,
        type: 3}
      propertyPath: m_LocalRotation.w
      value: 1
      objectReference: {fileID: 0}
    - target: {fileID: 3378463895624306947, guid: 81114c30c91fb46db90532bc8be8c8f3,
        type: 3}
      propertyPath: m_RootOrder
      value: 16
      objectReference: {fileID: 0}
    - target: {fileID: 3378463895624306947, guid: 81114c30c91fb46db90532bc8be8c8f3,
        type: 3}
      propertyPath: m_LocalEulerAnglesHint.x
      value: 0
      objectReference: {fileID: 0}
    - target: {fileID: 3378463895624306947, guid: 81114c30c91fb46db90532bc8be8c8f3,
        type: 3}
      propertyPath: m_LocalEulerAnglesHint.y
      value: 0
      objectReference: {fileID: 0}
    - target: {fileID: 3378463895624306947, guid: 81114c30c91fb46db90532bc8be8c8f3,
        type: 3}
      propertyPath: m_LocalEulerAnglesHint.z
      value: 0
      objectReference: {fileID: 0}
    - target: {fileID: 3384010644704036729, guid: 81114c30c91fb46db90532bc8be8c8f3,
        type: 3}
      propertyPath: m_Name
      value: violin2A
      objectReference: {fileID: 0}
    - target: {fileID: 3384010644704036729, guid: 81114c30c91fb46db90532bc8be8c8f3,
        type: 3}
      propertyPath: m_IsActive
      value: 0
      objectReference: {fileID: 0}
    - target: {fileID: 3415060791065690043, guid: 81114c30c91fb46db90532bc8be8c8f3,
        type: 3}
      propertyPath: directivityAlpha
      value: 0.224
      objectReference: {fileID: 0}
    - target: {fileID: 3415142990526674693, guid: 81114c30c91fb46db90532bc8be8c8f3,
        type: 3}
      propertyPath: assignMode
      value: 0
      objectReference: {fileID: 0}
    - target: {fileID: 3415142990526674693, guid: 81114c30c91fb46db90532bc8be8c8f3,
        type: 3}
      propertyPath: fixedIndex
      value: 15
      objectReference: {fileID: 0}
    - target: {fileID: 3447296656795488111, guid: 81114c30c91fb46db90532bc8be8c8f3,
        type: 3}
      propertyPath: MaxDistance
      value: 18
      objectReference: {fileID: 0}
    m_RemovedComponents: []
  m_SourcePrefab: {fileID: 100100000, guid: 81114c30c91fb46db90532bc8be8c8f3, type: 3}
--- !u!4 &8784788155276918870 stripped
Transform:
  m_CorrespondingSourceObject: {fileID: 3378463895624306947, guid: 81114c30c91fb46db90532bc8be8c8f3,
    type: 3}
  m_PrefabInstance: {fileID: 6272213884811891029}
  m_PrefabAsset: {fileID: 0}
--- !u!1001 &6748376524042404916
PrefabInstance:
  m_ObjectHideFlags: 0
  serializedVersion: 2
  m_Modification:
    m_TransformParent: {fileID: 4822571370776048}
    m_Modifications:
    - target: {fileID: 1615071680175890660, guid: 81114c30c91fb46db90532bc8be8c8f3,
        type: 3}
      propertyPath: m_Enabled
      value: 1
      objectReference: {fileID: 0}
    - target: {fileID: 3378463895624306947, guid: 81114c30c91fb46db90532bc8be8c8f3,
        type: 3}
      propertyPath: m_LocalPosition.x
      value: -0.564
      objectReference: {fileID: 0}
    - target: {fileID: 3378463895624306947, guid: 81114c30c91fb46db90532bc8be8c8f3,
        type: 3}
      propertyPath: m_LocalPosition.y
      value: 0
      objectReference: {fileID: 0}
    - target: {fileID: 3378463895624306947, guid: 81114c30c91fb46db90532bc8be8c8f3,
        type: 3}
      propertyPath: m_LocalPosition.z
      value: 4.083
      objectReference: {fileID: 0}
    - target: {fileID: 3378463895624306947, guid: 81114c30c91fb46db90532bc8be8c8f3,
        type: 3}
      propertyPath: m_LocalRotation.x
      value: -0
      objectReference: {fileID: 0}
    - target: {fileID: 3378463895624306947, guid: 81114c30c91fb46db90532bc8be8c8f3,
        type: 3}
      propertyPath: m_LocalRotation.y
      value: -0
      objectReference: {fileID: 0}
    - target: {fileID: 3378463895624306947, guid: 81114c30c91fb46db90532bc8be8c8f3,
        type: 3}
      propertyPath: m_LocalRotation.z
      value: -0
      objectReference: {fileID: 0}
    - target: {fileID: 3378463895624306947, guid: 81114c30c91fb46db90532bc8be8c8f3,
        type: 3}
      propertyPath: m_LocalRotation.w
      value: 1
      objectReference: {fileID: 0}
    - target: {fileID: 3378463895624306947, guid: 81114c30c91fb46db90532bc8be8c8f3,
        type: 3}
      propertyPath: m_RootOrder
      value: 9
      objectReference: {fileID: 0}
    - target: {fileID: 3378463895624306947, guid: 81114c30c91fb46db90532bc8be8c8f3,
        type: 3}
      propertyPath: m_LocalEulerAnglesHint.x
      value: 0
      objectReference: {fileID: 0}
    - target: {fileID: 3378463895624306947, guid: 81114c30c91fb46db90532bc8be8c8f3,
        type: 3}
      propertyPath: m_LocalEulerAnglesHint.y
      value: 0
      objectReference: {fileID: 0}
    - target: {fileID: 3378463895624306947, guid: 81114c30c91fb46db90532bc8be8c8f3,
        type: 3}
      propertyPath: m_LocalEulerAnglesHint.z
      value: 0
      objectReference: {fileID: 0}
    - target: {fileID: 3384010644704036729, guid: 81114c30c91fb46db90532bc8be8c8f3,
        type: 3}
      propertyPath: m_Name
      value: timpaniLeft
      objectReference: {fileID: 0}
    - target: {fileID: 3384010644704036729, guid: 81114c30c91fb46db90532bc8be8c8f3,
        type: 3}
      propertyPath: m_IsActive
      value: 0
      objectReference: {fileID: 0}
    - target: {fileID: 3415060791065690043, guid: 81114c30c91fb46db90532bc8be8c8f3,
        type: 3}
      propertyPath: directivityAlpha
      value: 0.224
      objectReference: {fileID: 0}
    - target: {fileID: 3415142990526674693, guid: 81114c30c91fb46db90532bc8be8c8f3,
        type: 3}
      propertyPath: assignMode
      value: 0
      objectReference: {fileID: 0}
    - target: {fileID: 3415142990526674693, guid: 81114c30c91fb46db90532bc8be8c8f3,
        type: 3}
      propertyPath: fixedIndex
      value: 8
      objectReference: {fileID: 0}
    - target: {fileID: 3447296656795488111, guid: 81114c30c91fb46db90532bc8be8c8f3,
        type: 3}
      propertyPath: MaxDistance
      value: 18
      objectReference: {fileID: 0}
    m_RemovedComponents: []
  m_SourcePrefab: {fileID: 100100000, guid: 81114c30c91fb46db90532bc8be8c8f3, type: 3}
--- !u!4 &8306251464541033783 stripped
Transform:
  m_CorrespondingSourceObject: {fileID: 3378463895624306947, guid: 81114c30c91fb46db90532bc8be8c8f3,
    type: 3}
  m_PrefabInstance: {fileID: 6748376524042404916}
  m_PrefabAsset: {fileID: 0}
--- !u!1001 &6787574177544028705
PrefabInstance:
  m_ObjectHideFlags: 0
  serializedVersion: 2
  m_Modification:
    m_TransformParent: {fileID: 4822571370776048}
    m_Modifications:
    - target: {fileID: 1615071680175890660, guid: 81114c30c91fb46db90532bc8be8c8f3,
        type: 3}
      propertyPath: m_Enabled
      value: 1
      objectReference: {fileID: 0}
    - target: {fileID: 3378463895624306947, guid: 81114c30c91fb46db90532bc8be8c8f3,
        type: 3}
      propertyPath: m_LocalPosition.x
      value: -1.611
      objectReference: {fileID: 0}
    - target: {fileID: 3378463895624306947, guid: 81114c30c91fb46db90532bc8be8c8f3,
        type: 3}
      propertyPath: m_LocalPosition.y
      value: 0
      objectReference: {fileID: 0}
    - target: {fileID: 3378463895624306947, guid: 81114c30c91fb46db90532bc8be8c8f3,
        type: 3}
      propertyPath: m_LocalPosition.z
      value: 1.1020005
      objectReference: {fileID: 0}
    - target: {fileID: 3378463895624306947, guid: 81114c30c91fb46db90532bc8be8c8f3,
        type: 3}
      propertyPath: m_LocalRotation.x
      value: -0
      objectReference: {fileID: 0}
    - target: {fileID: 3378463895624306947, guid: 81114c30c91fb46db90532bc8be8c8f3,
        type: 3}
      propertyPath: m_LocalRotation.y
      value: -0
      objectReference: {fileID: 0}
    - target: {fileID: 3378463895624306947, guid: 81114c30c91fb46db90532bc8be8c8f3,
        type: 3}
      propertyPath: m_LocalRotation.z
      value: -0
      objectReference: {fileID: 0}
    - target: {fileID: 3378463895624306947, guid: 81114c30c91fb46db90532bc8be8c8f3,
        type: 3}
      propertyPath: m_LocalRotation.w
      value: 1
      objectReference: {fileID: 0}
    - target: {fileID: 3378463895624306947, guid: 81114c30c91fb46db90532bc8be8c8f3,
        type: 3}
      propertyPath: m_RootOrder
      value: 3
      objectReference: {fileID: 0}
    - target: {fileID: 3378463895624306947, guid: 81114c30c91fb46db90532bc8be8c8f3,
        type: 3}
      propertyPath: m_LocalEulerAnglesHint.x
      value: 0
      objectReference: {fileID: 0}
    - target: {fileID: 3378463895624306947, guid: 81114c30c91fb46db90532bc8be8c8f3,
        type: 3}
      propertyPath: m_LocalEulerAnglesHint.y
      value: 0
      objectReference: {fileID: 0}
    - target: {fileID: 3378463895624306947, guid: 81114c30c91fb46db90532bc8be8c8f3,
        type: 3}
      propertyPath: m_LocalEulerAnglesHint.z
      value: 0
      objectReference: {fileID: 0}
    - target: {fileID: 3384010644704036729, guid: 81114c30c91fb46db90532bc8be8c8f3,
        type: 3}
      propertyPath: m_Name
      value: celloB
      objectReference: {fileID: 0}
    - target: {fileID: 3384010644704036729, guid: 81114c30c91fb46db90532bc8be8c8f3,
        type: 3}
      propertyPath: m_IsActive
      value: 0
      objectReference: {fileID: 0}
    - target: {fileID: 3415060791065690043, guid: 81114c30c91fb46db90532bc8be8c8f3,
        type: 3}
      propertyPath: directivityAlpha
      value: 0.224
      objectReference: {fileID: 0}
    - target: {fileID: 3415142990526674693, guid: 81114c30c91fb46db90532bc8be8c8f3,
        type: 3}
      propertyPath: assignMode
      value: 0
      objectReference: {fileID: 0}
    - target: {fileID: 3415142990526674693, guid: 81114c30c91fb46db90532bc8be8c8f3,
        type: 3}
      propertyPath: fixedIndex
      value: 2
      objectReference: {fileID: 0}
    - target: {fileID: 3447296656795488111, guid: 81114c30c91fb46db90532bc8be8c8f3,
        type: 3}
      propertyPath: MaxDistance
      value: 18
      objectReference: {fileID: 0}
    m_RemovedComponents: []
  m_SourcePrefab: {fileID: 100100000, guid: 81114c30c91fb46db90532bc8be8c8f3, type: 3}
--- !u!4 &8129271947512714018 stripped
Transform:
  m_CorrespondingSourceObject: {fileID: 3378463895624306947, guid: 81114c30c91fb46db90532bc8be8c8f3,
    type: 3}
  m_PrefabInstance: {fileID: 6787574177544028705}
  m_PrefabAsset: {fileID: 0}
--- !u!1001 &6858687946394640222
PrefabInstance:
  m_ObjectHideFlags: 0
  serializedVersion: 2
  m_Modification:
    m_TransformParent: {fileID: 4822571370776048}
    m_Modifications:
    - target: {fileID: 1615071680175890660, guid: 81114c30c91fb46db90532bc8be8c8f3,
        type: 3}
      propertyPath: m_Enabled
      value: 1
      objectReference: {fileID: 0}
    - target: {fileID: 3378463895624306947, guid: 81114c30c91fb46db90532bc8be8c8f3,
        type: 3}
      propertyPath: m_LocalPosition.x
      value: -1.84
      objectReference: {fileID: 0}
    - target: {fileID: 3378463895624306947, guid: 81114c30c91fb46db90532bc8be8c8f3,
        type: 3}
      propertyPath: m_LocalPosition.y
      value: 0
      objectReference: {fileID: 0}
    - target: {fileID: 3378463895624306947, guid: 81114c30c91fb46db90532bc8be8c8f3,
        type: 3}
      propertyPath: m_LocalPosition.z
      value: 3.5890005
      objectReference: {fileID: 0}
    - target: {fileID: 3378463895624306947, guid: 81114c30c91fb46db90532bc8be8c8f3,
        type: 3}
      propertyPath: m_LocalRotation.x
      value: -0
      objectReference: {fileID: 0}
    - target: {fileID: 3378463895624306947, guid: 81114c30c91fb46db90532bc8be8c8f3,
        type: 3}
      propertyPath: m_LocalRotation.y
      value: -0
      objectReference: {fileID: 0}
    - target: {fileID: 3378463895624306947, guid: 81114c30c91fb46db90532bc8be8c8f3,
        type: 3}
      propertyPath: m_LocalRotation.z
      value: -0
      objectReference: {fileID: 0}
    - target: {fileID: 3378463895624306947, guid: 81114c30c91fb46db90532bc8be8c8f3,
        type: 3}
      propertyPath: m_LocalRotation.w
      value: 1
      objectReference: {fileID: 0}
    - target: {fileID: 3378463895624306947, guid: 81114c30c91fb46db90532bc8be8c8f3,
        type: 3}
      propertyPath: m_RootOrder
      value: 7
      objectReference: {fileID: 0}
    - target: {fileID: 3378463895624306947, guid: 81114c30c91fb46db90532bc8be8c8f3,
        type: 3}
      propertyPath: m_LocalEulerAnglesHint.x
      value: 0
      objectReference: {fileID: 0}
    - target: {fileID: 3378463895624306947, guid: 81114c30c91fb46db90532bc8be8c8f3,
        type: 3}
      propertyPath: m_LocalEulerAnglesHint.y
      value: 0
      objectReference: {fileID: 0}
    - target: {fileID: 3378463895624306947, guid: 81114c30c91fb46db90532bc8be8c8f3,
        type: 3}
      propertyPath: m_LocalEulerAnglesHint.z
      value: 0
      objectReference: {fileID: 0}
    - target: {fileID: 3384010644704036729, guid: 81114c30c91fb46db90532bc8be8c8f3,
        type: 3}
      propertyPath: m_Name
      value: horn
      objectReference: {fileID: 0}
    - target: {fileID: 3384010644704036729, guid: 81114c30c91fb46db90532bc8be8c8f3,
        type: 3}
      propertyPath: m_IsActive
      value: 0
      objectReference: {fileID: 0}
    - target: {fileID: 3415060791065690043, guid: 81114c30c91fb46db90532bc8be8c8f3,
        type: 3}
      propertyPath: directivityAlpha
      value: 0.224
      objectReference: {fileID: 0}
    - target: {fileID: 3415142990526674693, guid: 81114c30c91fb46db90532bc8be8c8f3,
        type: 3}
      propertyPath: assignMode
      value: 0
      objectReference: {fileID: 0}
    - target: {fileID: 3415142990526674693, guid: 81114c30c91fb46db90532bc8be8c8f3,
        type: 3}
      propertyPath: fixedIndex
      value: 6
      objectReference: {fileID: 0}
    - target: {fileID: 3447296656795488111, guid: 81114c30c91fb46db90532bc8be8c8f3,
        type: 3}
      propertyPath: MaxDistance
      value: 18
      objectReference: {fileID: 0}
    m_RemovedComponents: []
  m_SourcePrefab: {fileID: 100100000, guid: 81114c30c91fb46db90532bc8be8c8f3, type: 3}
--- !u!4 &8200003076689514077 stripped
Transform:
  m_CorrespondingSourceObject: {fileID: 3378463895624306947, guid: 81114c30c91fb46db90532bc8be8c8f3,
    type: 3}
  m_PrefabInstance: {fileID: 6858687946394640222}
  m_PrefabAsset: {fileID: 0}
--- !u!1001 &7033632149662977843
PrefabInstance:
  m_ObjectHideFlags: 0
  serializedVersion: 2
  m_Modification:
    m_TransformParent: {fileID: 4822571370776048}
    m_Modifications:
    - target: {fileID: 1615071680175890660, guid: 81114c30c91fb46db90532bc8be8c8f3,
        type: 3}
      propertyPath: m_Enabled
      value: 1
      objectReference: {fileID: 0}
    - target: {fileID: 3378463895624306947, guid: 81114c30c91fb46db90532bc8be8c8f3,
        type: 3}
      propertyPath: m_LocalPosition.x
      value: 0.3
      objectReference: {fileID: 0}
    - target: {fileID: 3378463895624306947, guid: 81114c30c91fb46db90532bc8be8c8f3,
        type: 3}
      propertyPath: m_LocalPosition.y
      value: 0
      objectReference: {fileID: 0}
    - target: {fileID: 3378463895624306947, guid: 81114c30c91fb46db90532bc8be8c8f3,
        type: 3}
      propertyPath: m_LocalPosition.z
      value: 1.6
      objectReference: {fileID: 0}
    - target: {fileID: 3378463895624306947, guid: 81114c30c91fb46db90532bc8be8c8f3,
        type: 3}
      propertyPath: m_LocalRotation.x
      value: -0
      objectReference: {fileID: 0}
    - target: {fileID: 3378463895624306947, guid: 81114c30c91fb46db90532bc8be8c8f3,
        type: 3}
      propertyPath: m_LocalRotation.y
      value: -0
      objectReference: {fileID: 0}
    - target: {fileID: 3378463895624306947, guid: 81114c30c91fb46db90532bc8be8c8f3,
        type: 3}
      propertyPath: m_LocalRotation.z
      value: -0
      objectReference: {fileID: 0}
    - target: {fileID: 3378463895624306947, guid: 81114c30c91fb46db90532bc8be8c8f3,
        type: 3}
      propertyPath: m_LocalRotation.w
      value: 1
      objectReference: {fileID: 0}
    - target: {fileID: 3378463895624306947, guid: 81114c30c91fb46db90532bc8be8c8f3,
        type: 3}
      propertyPath: m_RootOrder
      value: 8
      objectReference: {fileID: 0}
    - target: {fileID: 3378463895624306947, guid: 81114c30c91fb46db90532bc8be8c8f3,
        type: 3}
      propertyPath: m_LocalEulerAnglesHint.x
      value: 0
      objectReference: {fileID: 0}
    - target: {fileID: 3378463895624306947, guid: 81114c30c91fb46db90532bc8be8c8f3,
        type: 3}
      propertyPath: m_LocalEulerAnglesHint.y
      value: 0
      objectReference: {fileID: 0}
    - target: {fileID: 3378463895624306947, guid: 81114c30c91fb46db90532bc8be8c8f3,
        type: 3}
      propertyPath: m_LocalEulerAnglesHint.z
      value: 0
      objectReference: {fileID: 0}
    - target: {fileID: 3384010644704036729, guid: 81114c30c91fb46db90532bc8be8c8f3,
        type: 3}
      propertyPath: m_Name
      value: oboe
      objectReference: {fileID: 0}
    - target: {fileID: 3384010644704036729, guid: 81114c30c91fb46db90532bc8be8c8f3,
        type: 3}
      propertyPath: m_IsActive
      value: 0
      objectReference: {fileID: 0}
    - target: {fileID: 3415060791065690043, guid: 81114c30c91fb46db90532bc8be8c8f3,
        type: 3}
      propertyPath: directivityAlpha
      value: 0.224
      objectReference: {fileID: 0}
    - target: {fileID: 3415142990526674693, guid: 81114c30c91fb46db90532bc8be8c8f3,
        type: 3}
      propertyPath: assignMode
      value: 0
      objectReference: {fileID: 0}
    - target: {fileID: 3415142990526674693, guid: 81114c30c91fb46db90532bc8be8c8f3,
        type: 3}
      propertyPath: fixedIndex
      value: 7
      objectReference: {fileID: 0}
    - target: {fileID: 3447296656795488111, guid: 81114c30c91fb46db90532bc8be8c8f3,
        type: 3}
      propertyPath: MaxDistance
      value: 18
      objectReference: {fileID: 0}
    m_RemovedComponents: []
  m_SourcePrefab: {fileID: 100100000, guid: 81114c30c91fb46db90532bc8be8c8f3, type: 3}
--- !u!4 &5728240281523232304 stripped
Transform:
  m_CorrespondingSourceObject: {fileID: 3378463895624306947, guid: 81114c30c91fb46db90532bc8be8c8f3,
    type: 3}
  m_PrefabInstance: {fileID: 7033632149662977843}
  m_PrefabAsset: {fileID: 0}
--- !u!1001 &7495372521130733877
PrefabInstance:
  m_ObjectHideFlags: 0
  serializedVersion: 2
  m_Modification:
    m_TransformParent: {fileID: 4822571370776048}
    m_Modifications:
    - target: {fileID: 1615071680175890660, guid: 81114c30c91fb46db90532bc8be8c8f3,
        type: 3}
      propertyPath: m_Enabled
      value: 1
      objectReference: {fileID: 0}
    - target: {fileID: 3378463895624306947, guid: 81114c30c91fb46db90532bc8be8c8f3,
        type: 3}
      propertyPath: m_LocalPosition.x
      value: -0.3
      objectReference: {fileID: 0}
    - target: {fileID: 3378463895624306947, guid: 81114c30c91fb46db90532bc8be8c8f3,
        type: 3}
      propertyPath: m_LocalPosition.y
      value: 0
      objectReference: {fileID: 0}
    - target: {fileID: 3378463895624306947, guid: 81114c30c91fb46db90532bc8be8c8f3,
        type: 3}
      propertyPath: m_LocalPosition.z
      value: 1.6
      objectReference: {fileID: 0}
    - target: {fileID: 3378463895624306947, guid: 81114c30c91fb46db90532bc8be8c8f3,
        type: 3}
      propertyPath: m_LocalRotation.x
      value: -0
      objectReference: {fileID: 0}
    - target: {fileID: 3378463895624306947, guid: 81114c30c91fb46db90532bc8be8c8f3,
        type: 3}
      propertyPath: m_LocalRotation.y
      value: -0
      objectReference: {fileID: 0}
    - target: {fileID: 3378463895624306947, guid: 81114c30c91fb46db90532bc8be8c8f3,
        type: 3}
      propertyPath: m_LocalRotation.z
      value: -0
      objectReference: {fileID: 0}
    - target: {fileID: 3378463895624306947, guid: 81114c30c91fb46db90532bc8be8c8f3,
        type: 3}
      propertyPath: m_LocalRotation.w
      value: 1
      objectReference: {fileID: 0}
    - target: {fileID: 3378463895624306947, guid: 81114c30c91fb46db90532bc8be8c8f3,
        type: 3}
      propertyPath: m_RootOrder
      value: 6
      objectReference: {fileID: 0}
    - target: {fileID: 3378463895624306947, guid: 81114c30c91fb46db90532bc8be8c8f3,
        type: 3}
      propertyPath: m_LocalEulerAnglesHint.x
      value: 0
      objectReference: {fileID: 0}
    - target: {fileID: 3378463895624306947, guid: 81114c30c91fb46db90532bc8be8c8f3,
        type: 3}
      propertyPath: m_LocalEulerAnglesHint.y
      value: 0
      objectReference: {fileID: 0}
    - target: {fileID: 3378463895624306947, guid: 81114c30c91fb46db90532bc8be8c8f3,
        type: 3}
      propertyPath: m_LocalEulerAnglesHint.z
      value: 0
      objectReference: {fileID: 0}
    - target: {fileID: 3384010644704036729, guid: 81114c30c91fb46db90532bc8be8c8f3,
        type: 3}
      propertyPath: m_Name
      value: flute
      objectReference: {fileID: 0}
    - target: {fileID: 3384010644704036729, guid: 81114c30c91fb46db90532bc8be8c8f3,
        type: 3}
      propertyPath: m_IsActive
      value: 0
      objectReference: {fileID: 0}
    - target: {fileID: 3415060791065690043, guid: 81114c30c91fb46db90532bc8be8c8f3,
        type: 3}
      propertyPath: directivityAlpha
      value: 0.224
      objectReference: {fileID: 0}
    - target: {fileID: 3415142990526674693, guid: 81114c30c91fb46db90532bc8be8c8f3,
        type: 3}
      propertyPath: assignMode
      value: 0
      objectReference: {fileID: 0}
    - target: {fileID: 3415142990526674693, guid: 81114c30c91fb46db90532bc8be8c8f3,
        type: 3}
      propertyPath: fixedIndex
      value: 5
      objectReference: {fileID: 0}
    - target: {fileID: 3447296656795488111, guid: 81114c30c91fb46db90532bc8be8c8f3,
        type: 3}
      propertyPath: MaxDistance
      value: 18
      objectReference: {fileID: 0}
    m_RemovedComponents: []
  m_SourcePrefab: {fileID: 100100000, guid: 81114c30c91fb46db90532bc8be8c8f3, type: 3}
--- !u!4 &5108874850937856054 stripped
Transform:
  m_CorrespondingSourceObject: {fileID: 3378463895624306947, guid: 81114c30c91fb46db90532bc8be8c8f3,
    type: 3}
  m_PrefabInstance: {fileID: 7495372521130733877}
  m_PrefabAsset: {fileID: 0}
--- !u!1001 &7675832863864296518
PrefabInstance:
  m_ObjectHideFlags: 0
  serializedVersion: 2
  m_Modification:
    m_TransformParent: {fileID: 4822571370776048}
    m_Modifications:
    - target: {fileID: 1615071680175890660, guid: 81114c30c91fb46db90532bc8be8c8f3,
        type: 3}
      propertyPath: m_Enabled
      value: 1
      objectReference: {fileID: 0}
    - target: {fileID: 3378463895624306947, guid: 81114c30c91fb46db90532bc8be8c8f3,
        type: 3}
      propertyPath: m_LocalPosition.x
      value: -3.186
      objectReference: {fileID: 0}
    - target: {fileID: 3378463895624306947, guid: 81114c30c91fb46db90532bc8be8c8f3,
        type: 3}
      propertyPath: m_LocalPosition.y
      value: 0
      objectReference: {fileID: 0}
    - target: {fileID: 3378463895624306947, guid: 81114c30c91fb46db90532bc8be8c8f3,
        type: 3}
      propertyPath: m_LocalPosition.z
      value: 1.9010005
      objectReference: {fileID: 0}
    - target: {fileID: 3378463895624306947, guid: 81114c30c91fb46db90532bc8be8c8f3,
        type: 3}
      propertyPath: m_LocalRotation.x
      value: -0
      objectReference: {fileID: 0}
    - target: {fileID: 3378463895624306947, guid: 81114c30c91fb46db90532bc8be8c8f3,
        type: 3}
      propertyPath: m_LocalRotation.y
      value: -0
      objectReference: {fileID: 0}
    - target: {fileID: 3378463895624306947, guid: 81114c30c91fb46db90532bc8be8c8f3,
        type: 3}
      propertyPath: m_LocalRotation.z
      value: -0
      objectReference: {fileID: 0}
    - target: {fileID: 3378463895624306947, guid: 81114c30c91fb46db90532bc8be8c8f3,
        type: 3}
      propertyPath: m_LocalRotation.w
      value: 1
      objectReference: {fileID: 0}
    - target: {fileID: 3378463895624306947, guid: 81114c30c91fb46db90532bc8be8c8f3,
        type: 3}
      propertyPath: m_RootOrder
      value: 5
      objectReference: {fileID: 0}
    - target: {fileID: 3378463895624306947, guid: 81114c30c91fb46db90532bc8be8c8f3,
        type: 3}
      propertyPath: m_LocalEulerAnglesHint.x
      value: 0
      objectReference: {fileID: 0}
    - target: {fileID: 3378463895624306947, guid: 81114c30c91fb46db90532bc8be8c8f3,
        type: 3}
      propertyPath: m_LocalEulerAnglesHint.y
      value: 0
      objectReference: {fileID: 0}
    - target: {fileID: 3378463895624306947, guid: 81114c30c91fb46db90532bc8be8c8f3,
        type: 3}
      propertyPath: m_LocalEulerAnglesHint.z
      value: 0
      objectReference: {fileID: 0}
    - target: {fileID: 3384010644704036729, guid: 81114c30c91fb46db90532bc8be8c8f3,
        type: 3}
      propertyPath: m_Name
      value: doubleBass
      objectReference: {fileID: 0}
    - target: {fileID: 3384010644704036729, guid: 81114c30c91fb46db90532bc8be8c8f3,
        type: 3}
      propertyPath: m_IsActive
      value: 0
      objectReference: {fileID: 0}
    - target: {fileID: 3415060791065690043, guid: 81114c30c91fb46db90532bc8be8c8f3,
        type: 3}
      propertyPath: directivityAlpha
      value: 0.224
      objectReference: {fileID: 0}
    - target: {fileID: 3415142990526674693, guid: 81114c30c91fb46db90532bc8be8c8f3,
        type: 3}
      propertyPath: assignMode
      value: 0
      objectReference: {fileID: 0}
    - target: {fileID: 3415142990526674693, guid: 81114c30c91fb46db90532bc8be8c8f3,
        type: 3}
      propertyPath: fixedIndex
      value: 4
      objectReference: {fileID: 0}
    - target: {fileID: 3447296656795488111, guid: 81114c30c91fb46db90532bc8be8c8f3,
        type: 3}
      propertyPath: MaxDistance
      value: 18
      objectReference: {fileID: 0}
    m_RemovedComponents: []
  m_SourcePrefab: {fileID: 100100000, guid: 81114c30c91fb46db90532bc8be8c8f3, type: 3}
--- !u!4 &4928273147969258821 stripped
Transform:
  m_CorrespondingSourceObject: {fileID: 3378463895624306947, guid: 81114c30c91fb46db90532bc8be8c8f3,
    type: 3}
  m_PrefabInstance: {fileID: 7675832863864296518}
  m_PrefabAsset: {fileID: 0}
--- !u!1001 &8922611763246911985
PrefabInstance:
  m_ObjectHideFlags: 0
  serializedVersion: 2
  m_Modification:
    m_TransformParent: {fileID: 4822571370776048}
    m_Modifications:
    - target: {fileID: 1615071680175890660, guid: 81114c30c91fb46db90532bc8be8c8f3,
        type: 3}
      propertyPath: m_Enabled
      value: 1
      objectReference: {fileID: 0}
    - target: {fileID: 3378463895624306947, guid: 81114c30c91fb46db90532bc8be8c8f3,
        type: 3}
      propertyPath: m_LocalPosition.x
      value: 0.897
      objectReference: {fileID: 0}
    - target: {fileID: 3378463895624306947, guid: 81114c30c91fb46db90532bc8be8c8f3,
        type: 3}
      propertyPath: m_LocalPosition.y
      value: 0
      objectReference: {fileID: 0}
    - target: {fileID: 3378463895624306947, guid: 81114c30c91fb46db90532bc8be8c8f3,
        type: 3}
      propertyPath: m_LocalPosition.z
      value: 0.893
      objectReference: {fileID: 0}
    - target: {fileID: 3378463895624306947, guid: 81114c30c91fb46db90532bc8be8c8f3,
        type: 3}
      propertyPath: m_LocalRotation.x
      value: -0
      objectReference: {fileID: 0}
    - target: {fileID: 3378463895624306947, guid: 81114c30c91fb46db90532bc8be8c8f3,
        type: 3}
      propertyPath: m_LocalRotation.y
      value: -0
      objectReference: {fileID: 0}
    - target: {fileID: 3378463895624306947, guid: 81114c30c91fb46db90532bc8be8c8f3,
        type: 3}
      propertyPath: m_LocalRotation.z
      value: -0
      objectReference: {fileID: 0}
    - target: {fileID: 3378463895624306947, guid: 81114c30c91fb46db90532bc8be8c8f3,
        type: 3}
      propertyPath: m_LocalRotation.w
      value: 1
      objectReference: {fileID: 0}
    - target: {fileID: 3378463895624306947, guid: 81114c30c91fb46db90532bc8be8c8f3,
        type: 3}
      propertyPath: m_RootOrder
      value: 12
      objectReference: {fileID: 0}
    - target: {fileID: 3378463895624306947, guid: 81114c30c91fb46db90532bc8be8c8f3,
        type: 3}
      propertyPath: m_LocalEulerAnglesHint.x
      value: 0
      objectReference: {fileID: 0}
    - target: {fileID: 3378463895624306947, guid: 81114c30c91fb46db90532bc8be8c8f3,
        type: 3}
      propertyPath: m_LocalEulerAnglesHint.y
      value: 0
      objectReference: {fileID: 0}
    - target: {fileID: 3378463895624306947, guid: 81114c30c91fb46db90532bc8be8c8f3,
        type: 3}
      propertyPath: m_LocalEulerAnglesHint.z
      value: 0
      objectReference: {fileID: 0}
    - target: {fileID: 3384010644704036729, guid: 81114c30c91fb46db90532bc8be8c8f3,
        type: 3}
      propertyPath: m_Name
      value: violaA
      objectReference: {fileID: 0}
    - target: {fileID: 3384010644704036729, guid: 81114c30c91fb46db90532bc8be8c8f3,
        type: 3}
      propertyPath: m_IsActive
      value: 0
      objectReference: {fileID: 0}
    - target: {fileID: 3415060791065690043, guid: 81114c30c91fb46db90532bc8be8c8f3,
        type: 3}
      propertyPath: directivityAlpha
      value: 0.224
      objectReference: {fileID: 0}
    - target: {fileID: 3415142990526674693, guid: 81114c30c91fb46db90532bc8be8c8f3,
        type: 3}
      propertyPath: assignMode
      value: 0
      objectReference: {fileID: 0}
    - target: {fileID: 3415142990526674693, guid: 81114c30c91fb46db90532bc8be8c8f3,
        type: 3}
      propertyPath: fixedIndex
      value: 11
      objectReference: {fileID: 0}
    - target: {fileID: 3447296656795488111, guid: 81114c30c91fb46db90532bc8be8c8f3,
        type: 3}
      propertyPath: MaxDistance
      value: 18
      objectReference: {fileID: 0}
    m_RemovedComponents: []
  m_SourcePrefab: {fileID: 100100000, guid: 81114c30c91fb46db90532bc8be8c8f3, type: 3}
--- !u!4 &6138911090486444274 stripped
Transform:
  m_CorrespondingSourceObject: {fileID: 3378463895624306947, guid: 81114c30c91fb46db90532bc8be8c8f3,
    type: 3}
  m_PrefabInstance: {fileID: 8922611763246911985}
  m_PrefabAsset: {fileID: 0}
